 Dungeon Crawl Stone Soup version 0.31-a0-1522-g43313d8a59 (webtiles) character file.

Game seed: 4568503455076010445

1658497 MackTheKnife the Acrobat (level 24, 109/184 HPs)
             Began as a Felid Summoner on Dec 29, 2023.
             Was the Champion of Jiyva.
             Escaped with the Orb
             ... and 3 runes
             ... and 1 gem on Dec 30, 2023!
             The game lasted 03:06:00 (73278 turns).

MackTheKnife the Acrobat (Felid Summoner)          Turns: 73278, Time: 03:06:01

Health: 109/184    AC: 27    Str: 19    XL:     24   Next: 42%
Magic:  33/41      EV: 51    Int: 18    God:    Jiyva [******]
Gold:   2840       SH:  8    Dex: 24    Spells: 4/43 levels left
                                        Lives:  2   Deaths: 3

rFire   + .          .
                       - Unarmed
rCold   + . .        (shield unavailable)
rNeg    + . .        (body armour unavailable)
rPois   ∞            (helmet unavailable)
rElec   +            (cloak unavailable)
rCorr   +            (gloves unavailable)
SInv    +            (boots unavailable)
Will    ++++.        z - brooch of Shielding {Spirit SH+8}
Stlth   ++           S - ring "Cana" {rPois Will+ EV+5 Str-2}
HPRegen 1.60/turn    y - ring "Hod Ofoe" {rF+ rC+ Str+5}
MPRegen 1.07/turn

%: clarity, guardian spirit
@: mighty, statue-form, inhibited regen, studying 2 skills, very slow
A: slow and powerful, torment resistance 1, boosted hp, very small, claws 1,
fangs 3, see invisible, (shaggy fur 3), stealthy paws, no weapons or thrown
items, no armour, multi-lived, thin skeletal structure 1, clarity, high MP 1,
passive freeze, inhibited regeneration, strong 2, acidic bite, eyeballs 1,
evolution 1, tendrils, jelly sensing items, MP-powered wands
0: Orb of Zot
}: 3/15 runes: decaying, slimy, gossamer
a: Begin Untransformation, Renounce Religion, Oozemancy, Slimify


You escaped.
You worshipped Jiyva.
Jiyva was exalted by your worship.
You were a living statue of rough stone.
You visited 12 branches of the dungeon, and saw 55 of its levels.
You visited 1 bazaar.

You collected 14860 gold pieces.
You spent 4682 gold pieces at shops.
You paid 7338 gold pieces to Gozag.


Innate Abilities, Weirdness & Mutations

You are a living statue of rough stone.
Your actions are slow, but your melee attacks are powerful.
You are resistant to unholy torment.
Your maximum health is greatly increased.
You are immune to poison.
You have sharp claws.
You have razor-sharp teeth.
You have supernaturally acute eyesight. (SInv)
((Your thick and shaggy fur keeps you warm. (AC +3, rC+)))
Your paws help you pounce on unaware monsters.
You are incapable of wielding weapons or throwing items.
You cannot wear armour.
You gain extra lives every three experience levels.
You have a somewhat thin skeletal structure. (Dex +2, Stealth+)
You possess an exceptional clarity of mind.
You have an increased reservoir of magic. (+10% MP)
A frigid envelope surrounds you and freezes all who hurt you.
You do not regenerate when monsters are visible.
Your muscles are very strong. (Str +8, Int/Dex -2)
You have acidic saliva.
Your body has grown eyes which may confuse attackers. (Acc +3)
You have hidden genetic potential.
You are covered in slimy tendrils that may disarm your opponents.
You have a small jelly attached to you that senses nearby items.
You expend magic power (3 MP) to strengthen your wands.


   Skills:
 - Level 20.0 Fighting
 + Level 25.5 Dodging
 - Level 10.0 Stealth
 - Level 20.0 Unarmed Combat
 - Level 10.0 Spellcasting
 - Level 8.7 Hexes
 - Level 14.1 Summonings
 - Level 5.0 Necromancy
 - Level 17.0 Translocations
 - Level 6.0 Fire Magic
 - Level 6.0 Air Magic
 - Level 8.0 Alchemy
 - Level 5.0 Evocations
 - Level 16.0 Shapeshifting


You had 4 spell levels left.
You knew the following spells:

 Your Spells              Type           Power      Damage    Failure   Level
a - Summon Forest         Summ/Tloc      30%        N/A       1%          5
b - Summon Cactus Giant   Summ           28%        N/A       3%          6
c - Call Canine Familiar  Summ           56%        N/A       1%          3
d - Malign Gateway        Summ/Tloc      30%        N/A       12%         7
e - Summon Lightning Spi  Summ/Air       45%        N/A       1%          4
f - Fugue of the Fallen   Necr           27%        N/A       3%          3
g - Dispersal             Tloc           31%        N/A       1%          6
h - Yara's Violent Unrav  Hex/Alch       19%        3d9       7%          5

Your spell library contained the following spells:

 Spells                   Type           Power      Damage    Failure   Level
 Apportation              Tloc           100%       N/A       0%          1
 Blink                    Tloc           100%       N/A       0%          2
 Lesser Beckoning         Tloc           100%       N/A       0%          2
 Necrotise                Necr           100%       1d9       1%          1
 Slow                     Hex            100%       N/A       1%          1
 Sting                    Conj/Alch      92%        1d8       1%          1
 Summon Small Mammal      Summ           100%       N/A       1%          1
 Call Imp                 Summ           100%       N/A       1%          2
 Cigotuvi's Dreadful Rot  Necr/Alch/Air  62%        N/A       1%          2
 Ensorcelled Hibernation  Hex/Ice        48%        N/A       1%          2
 Mercury Vapours          Alch/Air       68%        N/A       1%          2
 Momentum Strike          Conj/Tloc      78%        3d10      1%          2
 Scorch                   Fire           60%        2d7       1%          2
 Confusing Touch          Hex            40%        N/A       1%          3
 Inner Flame              Hex/Fire       35%        N/A       1%          3
 Sigil of Binding         Hex            40%        N/A       1%          3
 Summon Ice Beast         Ice/Summ       34%        N/A       1%          3
 Swiftness                Air            30%        N/A       1%          3
 Tukima's Dance           Hex            40%        N/A       1%          3
 Volatile Blastmotes      Fire/Tloc      100%       2d18      1%          3
 Manifold Assault         Tloc           63%        N/A       1%          4
 Martyr's Knell           Necr/Summ      43%        N/A       1%          4
 Passage of Golubria      Tloc           63%        N/A       1%          4
 Summon Blazeheart Golem  Fire/Summ      45%        N/A       1%          4
 Vhi's Electric Charge    Tloc/Air       100%       N/A       1%          4
 Foxfire                  Conj/Fire      76%        2x1d7     2%          1
 Iskenderun's Mystic Bla  Conj/Tloc      39%        2d9       2%          4
 Static Discharge         Conj/Air       38%        3-5/arc   3%          2
 Mephitic Cloud           Conj/Alch/Air  25%        N/A       3%          3
 Vampiric Draining        Necr           27%        2d7       3%          3
 Anguish                  Hex/Necr       16%        N/A       4%          4
 Sticky Flame             Fire/Alch      34%        2d7       4%          4
 Airstrike                Air            15%        2d(3-19)  7%          4
 Freeze                   Ice            36%        1d5       8%          1
 Magic Dart               Conj           36%        1d4       8%          1
 Dispel Undead            Necr           27%        3d13      10%         4
 Fulminant Prism          Conj/Alch      11%        3d9       16%         4
 Flame Wave               Conj/Fire      19%        2d7       22%         4
 Frozen Ramparts          Ice            18%        1d3       24%         3
 Hailstorm                Conj/Ice       9%         3d6       24%         3
 Passwall                 Erth           9%         N/A       24%         3
 Stone Arrow              Conj/Erth      18%        3d8       24%         3
 Summon Mana Viper        Hex/Summ       50%        N/A       1%          5
 Alistair's Intoxication  Alch           24%        N/A       9%          5
 Silence                  Hex/Air        17%        N/A       11%         5
 Monstrous Menagerie      Summ           28%        N/A       21%         7
 Irradiate                Conj/Alch      11%        3d15      38%         5
 Disjunction              Tloc           31%        N/A       43%         8
 Freezing Cloud           Conj/Ice/Air   8%         6-21      67%         5
 Plasma Beam              Fire/Air       15%        2x1d26    71%         6
 Iskenderun's Battlesphe  Conj           9%         2d6       91%         5
 Starburst                Conj/Fire      9%         6d5       98%         6
 Spellforged Servitor     Conj/Summ      17%        N/A       98%         7
 Bombard                  Conj/Erth      4%         9d2       100%        6
 Ignition                 Fire           15%        3d6       100%        8
 Lehudib's Crystal Spear  Conj/Erth      4%         10d3      100%        8
 Shatter                  Erth           4%         3d8*      100%        9
 Animate Armour           Summ/Erth      Unusable   N/A       N/A         4

Inventory:

Jewellery
 y - the ring "Hod Ofoe" (right paw) {rF+ rC+ Str+5}
   (You bought it in a shop on level 10 of the Dungeon)

   [ring of protection from fire]

   Str+5:     It affects your strength (+5).
   rF+:       It protects you from fire.
   rC+:       It protects you from cold.
 z - the brooch of Shielding (around neck) {Spirit SH+8}
   (You bought it in a shop on level 10 of the Dungeon)

   [amulet of guardian spirit]

   Spirit:    It causes incoming damage to be divided between your reserves of
   health and magic.
   SH+8:      It affects your SH (+8).
 K - a ring of flight
   (You found it on level 15 of the Dungeon)
 S - the ring "Cana" (left paw) {rPois Will+ EV+5 Str-2}
   (You acquired it on level 1 of the Vaults)

   [ring of evasion]

   EV+5:      It affects your evasion (+5).
   Str-2:     It affects your strength (-2).
   rPois:     It protects you from poison Will+: It increases your willpower.
Talismans
 C - the death talisman of Sodduz {rElec MP+9 Str+3 Stlth-}
   (You found it on level 3 of the Elven Halls)

   [talisman of death]

   Str+3:     It affects your strength (+3).
   rElec:     It insulates you from electricity.
   MP+9:      It affects your magic capacity (+9).
   Stlth-:    It makes you less stealthy.
 O - a granite talisman (active)
   (You bought it in a shop on level 2 of the Lair of Beasts)
Wands
 n - a wand of flame (95)
   (You found it on level 6 of the Dungeon)
 o - a wand of paralysis (45)
   (You found it on level 6 of the Dungeon)
 s - a wand of polymorph (34)
   (You found it on level 13 of the Dungeon)
 t - a wand of mindburst (17)
   (You took it off Maggie on level 2 of the Lair of Beasts)
 u - a wand of light (14)
   (You found it on level 3 of the Crypt)
 F - a wand of iceblast (1)
   (You found it on level 13 of the Dungeon)
 J - a wand of digging (8)
   (You found it on level 13 of the Dungeon)
Scrolls
 b - 12 scrolls of teleportation {@r4}
 d - 8 scrolls of fear
 e - 6 scrolls of silence {!r}
 f - 12 scrolls of poison {!r}
 g - 3 scrolls of immolation {!r!r}
 k - 3 scrolls of revelation
 v - 3 scrolls of summoning
 w - 4 scrolls of blinking {!r}
 H - 17 scrolls of identify {@r1}
 M - a scroll of vulnerability {!r!r}
 N - 3 scrolls of fog
Potions
 a - 2 potions of magic
 c - 14 potions of heal wounds {@q2}
 h - 2 potions of resistance
 i - 4 potions of might
 j - 5 potions of curing {@q1}
 l - 6 potions of brilliance
 m - 4 potions of haste {@q3}
 q - 4 potions of berserk rage {!q}
 r - 7 potions of enlightenment
 x - 3 potions of mutation {!q}
 P - 3 potions of invisibility
 Q - 2 potions of cancellation
 R - 3 potions of ambrosia
Miscellaneous
 p - a sack of spiders (inert)
   (You found it on level 4 of the Swamp)
 A - a phantom mirror (inert)
   (You found it on level 3 of the Lair of Beasts)
 B - a phial of floods
   (You found it on level 1 of the Spider Nest)
 D - a condenser vane
   (You found it on level 11 of the Dungeon)
 I - a lightning rod (4/4)
   (You found it on level 13 of the Dungeon)

Dungeon Overview and Level Annotations

Branches:
Dungeon (15/15)            Temple (1/1) D:4            Lair (5/5) D:9
  Swamp (4/4) Lair:2       Spider (4/4) Lair:3        Slime (5/5) Lair:4
    Orc (2/2) D:11            Elf (3/3) Orc:2        Vaults (4/5) D:13
  Crypt (3/3) Vaults:3       Tomb (0/3) Crypt:3      Depths (4/4) D:15
    Zot (5/5) Depths:4

Altars:
Ashenzari
Cheibriados
Dithmenos
Elyvilon
Fedhas
Gozag
Hepliaklqana
Kikubaaqudgha
Makhleb
Nemelex Xobeh
Okawaru
Qazlal
Ru
Sif Muna
Trog
Vehumet
Wu Jian
Xom
Yredelemnul
Zin
The Shining One
Jiyva

Shops:
D:7 !   D:9 [   D:10 =   D:12 (   D:13 !   D:14 :!   Orc:2 =:(([   Elf:2 (
Elf:3 **=[   Lair:2 =   Lair:4 =   Swamp:2 =   Vaults:1 [   Vaults:2 *
Vaults:3 [   Depths:1 (!?   Depths:4 *

Portals:
Hell: Depths:1 Depths:2 Depths:3 Depths:4
Abyss: Depths:3
Pandemonium: Depths:2 Depths:3 Depths:4
Ziggurat: Depths:2

Annotations:
D:2 Terence
D:5 exclusion: 3 wights
D:8 exclusion: downstairs
Slime:5 Royal Jelly
Elf:2 4 runed translucent doors, exclusion: orange crystal statue
Vaults:2 8 runed translucent doors, Plog's ghost, adept AtMo
Zot:1 6 runed translucent doors

##..................#### ###
..................[....# #..
..........##.##...#)##)########.#
#####....##..#....#.##.##.......#
# ###..).............##.#####)# #
#.~~[~~~~~~~..#..##.# #.# #
##.~........~.....##.#####.# #
##..~.....~~.~.~~..##.##....#
##...~.....~18~..~..##.##.##.#
##....~..~~.~.~~..~.....##.##.#
###.....~..~>.~.....~.##..##.#...
..'.....~~.~.~~.....~............
###........~........~.##.###.#...
##.......~~~~~~~~~~.##.###.##.#
##....................##...###
##...######..###.######.#....
##'## ##.#.## #># #...###


You could see an Ice Fiend.


Message History

You kill the sixfirhy!
Sigmund completely misses you. The red devil completely misses you.
The cacodemon gestures at you. You resist with almost no effort.
You mangle the cacodemon!! You claw the cacodemon!!
You block the red devil's attack. Sigmund completely misses you.
The cacodemon gestures at you. The bolt of devastation misses you.
You eviscerate the cacodemon!!! The red devil misses you.
The cacodemon closely misses you. You block the cacodemon's attack.
You claw the cacodemon! Sigmund completely misses you.
The red devil completely misses you. The cacodemon completely misses you. x2
You enter the shallow water.
Moving in this stuff is going to be slow.
The red devil completely misses you.
Sigmund splashes around in the water.
The cacodemon completely misses you.
The cacodemon hits you but does no damage.
The cacodemon is very cold.
You kill the cacodemon!
The red devil completely misses you.
Sigmund splashes around in the water.
The red devil completely misses you. You block the red devil's attack.
Sigmund completely misses you.
A Hell Sentinel comes into view.
You eviscerate the red devil!!!
You kill the red devil!
You enter the shallow water.
Moving in this stuff is going to be slow.
Sigmund splashes around in the water.
The Hell Sentinel gestures at you.
The sphere of damnation explodes!
The damnation engulfs you!!
The damnation engulfs Sigmund!!!
Sigmund dies!
You hear a splash. 😕 HP[-19] MP[-4]
You take 19 damage, and now have 165/184 hp.
You lost 4 mp, and now have 37/41 mp.
Unknown command.
The Hell Sentinel hits you but does no damage.
The Hell Sentinel completely resists.
The Hell Sentinel misses you.
You hear a distant slurping noise. 😕 HP[+3] MP[+3]
You regained 3 hp, and now have 168/184 hp.
You regained 3 mp, and now have 40/41 mp.
You mangle the Hell Sentinel!!
You claw the Hell Sentinel, but do no damage.
The Hell Sentinel completely misses you.
The Hell Sentinel misses you. 😕 HP[+2] MP[+1]
You regained 2 hp, and now have 170/184 hp.
Your mp is fully restored (41).
Okay, then.
You eviscerate the Hell Sentinel!!! You claw the Hell Sentinel!
The Hell Sentinel completely misses you.
The Hell Sentinel misses you. 😕 HP[+1]
You scratch the Hell Sentinel but do no damage.
You bite the Hell Sentinel.
The Hell Sentinel completely misses you.
The Hell Sentinel closely misses you. 😕 HP[+2]
You regained 2 hp, and now have 173/184 hp.
You eviscerate the Hell Sentinel!!! Your bite misses the Hell Sentinel.
The Hell Sentinel gestures at you.
The sphere of damnation explodes!
The damnation engulfs you!!!
The damnation engulfs the Hell Sentinel.
The Hell Sentinel completely resists. 😮 HP[-37] MP[-9]
You take 37 damage, and now have 136/184 hp.
MASSIVE DAMAGE!! (PAUSE)
You lost 9 mp, and now have 32/41 mp.
You scratch the Hell Sentinel but do no damage.
The Hell Sentinel completely misses you. x2 😮 HP[+1] MP[+1]
You mangle the Hell Sentinel!!
You kill the Hell Sentinel!
An Ice Fiend comes into view. 😕 HP[+2] MP[+1]
You regained 2 hp, and now have 139/184 hp.
The Ice Fiend calls on the powers of darkness!
Your body is wracked with pain! 😮 HP[-22] MP[-5]
You take 22 damage, and now have 117/184 hp.
You lost 5 mp, and now have 29/41 mp.
The Ice Fiend calls on the powers of darkness!
Your body is wracked with pain! 😮 HP[-17] MP[-2]
You take 17 damage, and now have 100/184 hp.
You lost 2 mp, and now have 27/41 mp.
Unknown command.
You enter the shallow water.
Moving in this stuff is going to be slow. 😮 HP[+3] MP[+2]
You regained 3 hp, and now have 103/184 hp.
You regained 2 mp, and now have 29/41 mp.
There is a staircase leading out of the dungeon here. 😮 HP[+4] MP[+3]
You regained 4 hp, and now have 107/184 hp.
You regained 3 mp, and now have 32/41 mp.
The Ice Fiend completely misses you. x2
You have escaped!

Skill      XL: |  1  2  3  4  5  6  7  8  9 10 11 12 13 14 15 16 17 18 19 20 21 22 23 24 |
---------------+-------------------------------------------------------------------------+-----
Stealth        | 3 4 5 9 10 | 10.0
Summonings     | 5 6 7 10 11 12 13 14 | 14.1
Dodging        | 3 5 6 8 12 14 16 20 23 25 | 25.5
Fighting       | 3 4 8 10 12 13 14 16 19 20 | 20.0
Fire Magic     | 4 6 |  6.0
Spellcasting   | 3 6 10 | 10.0
Evocations     | 4 5 |  5.0
Air Magic      | 4 6 |  6.0
Unarmed Combat | 1 6 8 10 12 16 18 20 | 20.0
Translocations | 10 14 17 | 17.0
Necromancy     | 5 |  5.0
Shapeshifting  | 4 11 15 16 | 16.0
Hexes          | 4 8 |  8.7
Alchemy        | 4 8 |  8.0

Action                     |  1- 3 |  4- 6 |  7- 9 | 10-12 | 13-15 | 16-18 | 19-21 | 22-24 || total
---------------------------+-------+-------+-------+-------+-------+-------+-------+-------++-------
  Melee: Unarmed           |    35 |    56 |    66 |   204 |   496 |   949 |  1434 |   737 ||  3977
         Bite              |     3 |     6 |    17 |    34 |    84 |   188 |   222 |   129 ||   683
         Punch             |       |       |     2 |     9 |    48 |    93 |   192 |   139 ||   483
         Maw               |       |       |       |       |       |    30 |       |       ||    30
   Cast: Summon Small Mamm |    26 |     9 |     8 |       |       |       |       |       ||    43
         Call Imp          |    20 |    29 |    49 |    17 |     1 |       |       |       ||   116
         Call Canine Famil |     1 |    15 |    38 |    37 |    41 |     2 |       |       ||   134
         Summon Blazeheart |       |       |    16 |    86 |   119 |    21 |       |       ||   242
         Summon Lightning  |       |       |       |    30 |   119 |    44 |    10 |     1 ||   204
         Summon Forest     |       |       |       |       |    55 |    97 |    47 |    32 ||   231
         Summon Cactus Gia |       |       |       |       |    33 |    89 |    32 |     3 ||   157
         Fugue of the Fall |       |       |       |       |     1 |    10 |     2 |       ||    13
         Malign Gateway    |       |       |       |       |       |       |    17 |    42 ||    59
         Yara's Violent Un |       |       |       |       |       |       |       |     2 ||     2
         Dispersal         |       |       |       |       |       |       |       |    18 ||    18
 Invoke: Call Merchant     |       |       |     1 |     1 |     3 |     3 |       |       ||     8
  Evoke: Wand              |       |       |     3 |    16 |    29 |    11 |     1 |     5 ||    65
         Condenser vane    |       |       |       |       |     3 |     3 |     3 |     1 ||    10
         Lightning rod     |       |       |       |       |     6 |    13 |    12 |     5 ||    36
         Phantom mirror    |       |       |       |       |     2 |     3 |     2 |     2 ||     9
         Sack of spiders   |       |       |       |       |       |     3 |     2 |     2 ||     7
         Phial of floods   |       |       |       |       |       |     1 |     1 |       ||     2
    Use: Scroll            |     4 |     2 |     8 |     8 |     7 |    12 |    12 |    16 ||    69
         Potion            |       |       |       |     6 |     1 |     9 |     6 |    14 ||    36
   Stab: Sleeping          |     2 |     7 |       |     3 |       |     3 |    13 |     7 ||    35
         Distracted        |       |     1 |     2 |     4 |    18 |    21 |    21 |    15 ||    82
         Paralysed         |       |       |     3 |     4 |     1 |     1 |       |       ||     9
         Held in net/web   |       |       |       |       |       |     1 |       |       ||     1
         Confused          |       |       |       |       |       |       |     2 |    13 ||    15
         Invisible         |       |       |       |       |       |       |       |     4 ||     4
 Armour: Skin              |    12 |    15 |    27 |   115 |   187 |   447 |   675 |   357 ||  1835
  Dodge: Dodged            |    25 |    48 |   108 |   287 |   669 |  1773 |  2855 |  1622 ||  7387
  Block: Other             |       |       |       |    38 |   223 |   445 |   588 |   329 ||  1623
   Form: Beast             |       |       |       |       |     1 |       |       |       ||     1
         Maw               |       |       |       |       |       |     1 |       |       ||     1
         Statue            |       |       |       |       |       |     2 |       |       ||     2
                           |       |       |       |       |       |     1 |       |       ||     1

Levels and vault maps discovered:
D:1:      ebering_trefoil_twist, layout_loops_corners
D:2:      layout_rooms, shapermc_ecumenical_altar_rom_forum,
          hangedman_abyss_or_decor_stabs, uniq_terence
D:3:      layout_loops_ring, amethyst_overflow_temple_binary, minivault_27,
          chequers_serial_rivers_small_b, uniq_sigmund, uniq_jessica, uniq_ijyb
D:4:      layout_basic, temple_statues, serial_glass, glass_columns_a,
          glass_columns_c, glass_columns_b, due_unseen_surprise,
          minmay_strange_pillars
D:5:      layout_loops_ring
D:6:      layout_basic, uniq_pikel
D:7:      kb_forest_paths, layout_loops_ring,
          mainiacjoe_overflow_six_doors_small
D:8:      layout_basic, uniq_prince_ribbit1, uniq_grum
D:9:      layout_rooms, erik_lair_dragon, serial_shops, shop
D:10:     layout_basic
D:11:     layout_stronghold, erik_orc_4, grunt_dithmenos_smoke_and_mirrors,
          uniq_urug
D:12:     layout_basic, serial_shops, nicolae_shop_hallway_plus, st_stairs_13,
          uniq_kirke
D:13:     layout_cave_pools, hellmonk_vaults_keyhole, serial_shops,
          nicolae_shop_tiny_waterfront, eino_jars, uniq_rupert
D:14:     layout_roguey, minivault_4, serial_shops, shop
D:15:     hangedman_depths_entry_civil_slaughter, layout_basic, minivault_12,
          uniq_agnes, uniq_josephine
Temple:   hellmonk_temple_of_storms
Lair:1:   layout_long_grid, pond, grunt_megastairs_1
Lair:2:   layout_loops_ring, swamp_mist, uniq_maggie, uniq_gastronok
Lair:3:   layout_long_grid, spider_nest_entry_webs, uniq_nergalle
Lair:4:   layout_gridlike, nicolae_slime_entry_slimehenge
Lair:5:   hellmonk_lair_end_abyssal_woods, layout_misc_corridors,
          serial_bayou_shore_a
Swamp:1:  layout_basic_swamp, nicolae_swamp_triple_paths, swamp_pool_1_2,
          nicolae_swamp_nymph_family_reunion
Swamp:2:  layout_falls_marsh, nicolae_swamp_trees_clearing
Swamp:3:  layout_basic_swamp, evilmike_swamp_ruin_house_5,
          nicolae_swamp_vermiculated
Swamp:4:  swamp_old_school, layout_basic_swamp, swamp_pool_3,
          nicolae_swamp_stuck_in_the_mud, nicolae_swamp_round_clearing,
          nicolae_swamp_decorative_isthmus
Spider:1: layout_spider_delve
Spider:2: nicolae_spider_jumping_over_cracks
          [nicolae_spider_jumping_sub_shuffled,
          nicolae_spider_jumping_sub_offset, nicolae_spider_jumping_sub_lanes,
          nicolae_spider_jumping_sub_shuffled], uniq_nikola
Spider:3: layout_spider_delve, nicolae_spider_rock_and_or_roll, uniq_mlioglotl
Spider:4: grunt_spider_rune_circles, hellmonk_motheaten_closet
Slime:1:  layout_caves
Slime:2:  layout_caves
Slime:3:  nicolae_slime_pool, layout_caves, cheibrodos_slime_lost_civilization_6
Slime:4:  layout_caves, nicolae_slime_welcoming_committee
Slime:5:  slime_pit_nicolae_royal_road_to_ruin
Orc:1:    layout_diamond_mine, regret_index_minedec_shroomtown_chain
Orc:2:    st_orc_rangers, layout_diamond_mine
Elf:1:    nicolae_elf_arrival_fired_up, layout_loops_ring,
          nicolae_elf_crossing_hall, uniq_donald
Elf:2:    elven_hall_of_blades_hangedman_alternative
          [nicolae_blade_entry_splitting_headache], layout_geoelf_octagon,
          serial_shops, shop, minivault_15, palyth_stone_intersect, minivault_16
Elf:3:    minmay_elf_hall_x, layout_loops_corners, minmay_shoptagon
Vaults:1: nicolae_vaults_doubleplus_tesselated, nicolae_vaults_what_the_h,
          ontoclasm_vaults_loading_screen, vaults_room_pool, v_misc_2,
          nicolae_vaults_surprise_closet, layout_vaults_omnigrid, serial_shops,
          shop
Vaults:2: advil_vaults_ghost_lines, vaults_dpeg_doors, vaults_standard_mumra_x,
          v_misc_26, hangedman_vaults_maws, nicolae_vaults_ellipses_ellipsis,
          grunt_vaults_swirl, nicolae_vaults_twisting_passages, st_octagons_2,
          ontoclasm_vaults_tryst, layout_vaults_omnibox, serial_shops,
          nicolae_shop_peninsula
Vaults:3: hangedman_vaults_maws, vaults_room_grid, v_misc_13,
          nicolae_vaults_trapezoid_4, nicolae_vaults_closet_pinwheel_2,
          nicolae_vaults_tetromino_L_2, nicolae_vaults_big_ls,
          nicolae_vaults_tetromino_Z_2, minmay_crypt_entry_nasty_monster,
          hangedman_vaults_stretched_pinwheel, vaults_mumra_lcd,
          ontoclasm_vaults_claustrophobia, layout_vaults_maze, serial_shops,
          nicolae_shop_tiny_real_fake_doors, uniq_norris
Vaults:4: nicolae_vaults_disjoint_gnomons, nicolae_vaults_trapezoid_1,
          hangedman_vaults_hat, nicolae_vaults_rhombus_6,
          hangedman_vaults_snaps, nicolae_vaults_trapezoid_lopsided_1,
          nicolae_vaults_trapezoid_lopsided_2, nicolae_vaults_tetromino_Z_1,
          nicolae_vaults_house_2, v_misc_28, nicolae_vaults_big_angled_halls,
          nicolae_vaults_closet_pinwheel_6, hangedman_vaults_slice,
          nicolae_vaults_double_plus_2, layout_vaults_ring
Crypt:1:  layout_chaotic_city, amcnicky_mini_pool_small,
          nicolae_crypt_crumbling_hall, grunt_crypt_arrival_split,
          grunt_megastairs_5
Crypt:2:  layout_misc_corridors, st_shrine_of_skulls, uniq_bai_suzhen
Crypt:3:  grunt_crypt_end_deaths_head
Depths:1: layout_cave_pools, grunt_mini_vestibule,
          nicolae_sif_muna_condensation, kennysheep_generic_room_6,
          minmay_shop_star, uniq_sojobo
Depths:2: gold_lair_mu, layout_small_grid, enter_ziggurat_b, hell_entry,
          grunt_pan_entry_zigzag, nicolae_figureground_pulse, uniq_enchantress
Depths:3: nicolae_aperiodic_l_corner, layout_gridlike, abyss_entry,
          rand_demon_pan_entry_9, hangedman_geh_valley,
          nicolae_gozag_seed_capital, infiniplex_staircase_9_rooms, uniq_vv
Depths:4: grunt_zot_entry_bicorn, layout_cave_pools, pan_entry, serial_shops,
          freezing_bzr, hell_entry, hangedman_abyss_or_decor_lesser_grid,
          hex_large, nicolae_elemental_shop
Zot:1:    layout_misc_corridors, regret_index_zotdec_ceiling_fans,
          hangedman_xom_zot_hilarity
Zot:2:    hangedman_snap_crack_crunch, layout_cathedral_of_symmetry,
          regret_index_zotdec_fiery_em
Zot:3:    layout_misc_corridors, grunt_megastairs_2
Zot:4:    layout_twisted_circle, nicolae_transmutations_shop
Zot:5:    layout_cathedral_of_symmetry

Notes
Turn   | Place    | Note
-------+----------+-------------------------------------------
     0 | D:1      | MackTheKnife the Felid Summoner began the quest for the
                  | Orb.
     0 | D:1      | Reached XP level 1. HP: 9/9 MP: 4/4
     0 | D:1      | magus.rc [v1.9.6]
    81 | D:1      | Reached skill level 3 in Stealth
   292 | D:1      | Reached XP level 2. HP: 12/13 MP: 1/6
   354 | D:1      | Learned a level 2 spell: Call Imp
  1099 | D:1      | Reached skill level 4 in Stealth
  1105 | D:1      | Reached XP level 3. HP: 16/16 MP: 4/7
  1307 | D:1      | Learned a level 3 spell: Call Canine Familiar
  1307 | D:1      | magus.rc [v1.9.6]
  1651 | D:2      | Reached XP level 4. HP: 21/21 MP: 4/8
  1651 | D:2      | Gained a life (2 lives remaining)
  1665 | D:2      | Reached skill level 5 in Stealth
  1665 | D:2      | Reached skill level 5 in Summonings
  1743 | D:2      | Found a faded altar of an unknown god.
  1751 | D:2      | Got Plato's Incunable of Glamour
  1823 | D:2      | Noticed Terence
  2239 | D:2      | Reached skill level 3 in Dodging
  2549 | D:3      | Noticed Sigmund
  2580 | D:3      | Noticed Jessica
  3126 | D:3      | Noticed Ijyb
  3388 | D:4      | Reached XP level 5. HP: 24/24 MP: 4/9
  3456 | D:4      | Reached skill level 4 in Dodging
  3472 | D:4      | Noticed an ogre
  3587 | D:4      | Found a staircase to the Ecumenical Temple.
  3596 | Temple   | Entered the Ecumenical Temple
  3616 | Temple   | Became a worshipper of Gozag Ym Sagoz the Greedy
  3751 | D:4      | HP: 6/24 [iguana (10)]
  4100 | D:4      | Killed an ogre
  4101 | D:4      | Reached skill level 5 in Dodging
  4101 | D:4      | Reached skill level 6 in Summonings
  4101 | D:4      | Gained mutation: You are covered in thick fur. (AC +2)
                  | [Felid growth]
  4101 | D:4      | Reached XP level 6. HP: 28/28 MP: 3/10
  4508 | D:5      | Entered Level 5 of the Dungeon
  4596 | D:5      | Reached skill level 6 in Dodging
  4652 | D:5      | Reached XP level 7. HP: 32/32 MP: 6/11
  4978 | D:5      | Reached skill level 7 in Summonings
  4992 | D:5      | Reached skill level 7 in Dodging
  5011 | D:5      | Learned a level 4 spell: Summon Blazeheart Golem
  5207 | D:5      | Reached skill level 1 in Fighting
  5495 | D:5      | Reached skill level 2 in Fighting
  5979 | D:6      | Reached skill level 8 in Dodging
  6086 | D:6      | Reached skill level 3 in Fighting
  6086 | D:6      | Reached XP level 8. HP: 34/40 MP: 6/12
  6311 | D:6      | Reached skill level 1 in Fire Magic
  6663 | D:6      | Reached skill level 4 in Fighting
  6663 | D:6      | Reached skill level 2 in Fire Magic
  6685 | D:6      | Noticed Pikel
  7349 | D:6      | HP: 9/42 [Pikel/+2 whip of electrocution (7)]
  7521 | D:5      | Reached skill level 3 in Fire Magic
  7665 | D:6      | Killed Pikel
  7666 | D:6      | Reached skill level 4 in Fire Magic
  7666 | D:6      | Reached skill level 3 in Spellcasting
  8018 | D:7      | You add the spells Tukima's Dance, Passage of Golubria and
                  | Yara's Violent Unravelling to your library.
  8034 | D:7      | Reached XP level 9. HP: 33/45 MP: 10/14
  8035 | D:7      | Noticed a nameless horror
  8141 | D:6      | Reached skill level 8 in Summonings
  8361 | D:7      | Killed a nameless horror
  8539 | D:7      | Found a shimmering altar of Xom.
  8614 | D:7      | Reached skill level 5 in Fire Magic
  8905 | D:7      | Noticed a two-headed ogre
  8931 | D:7      | Killed a two-headed ogre
  8932 | D:7      | Reached skill level 9 in Summonings
  8932 | D:7      | Reached skill level 6 in Fire Magic
  9400 | D:7      | Reached skill level 10 in Summonings
  9614 | D:7      | Reached skill level 2 in Evocations
  9813 | D:7      | Bought a potion of enlightenment for 70 gold pieces
  9981 | D:8      | Reached skill level 3 in Evocations
 10143 | D:8      | Reached skill level 4 in Evocations
 10143 | D:8      | Reached XP level 10. HP: 49/49 MP: 11/15
 10160 | D:8      | Noticed Prince Ribbit
 10195 | D:8      | Noticed Grum
 10431 | D:8      | Killed Prince Ribbit
 10549 | D:8      | Reached skill level 5 in Evocations
 11122 | D:8      | Reached skill level 5 in Fighting
 11126 | D:8      | Killed Grum
 11270 | D:9      | Reached skill level 6 in Fighting
 11617 | D:9      | Reached skill level 7 in Fighting
 11650 | D:9      | HP: 8/55 [steam dragon] (9)]
 11989 | D:9      | Learned a level 4 spell: Summon Lightning Spire
 12005 | D:9      | Found Tojet's Antique Armour Emporium.
 12112 | D:9      | Reached skill level 1 in Air Magic
 12245 | D:9      | Noticed a gargoyle
 12257 | D:9      | Killed a gargoyle
 12282 | D:9      | Reached skill level 2 in Air Magic
 12500 | D:9      | Reached skill level 8 in Fighting
 12689 | D:9      | Reached skill level 3 in Air Magic
 12731 | D:9      | Found a staircase to the Lair.
 13046 | D:10     | Entered Level 10 of the Dungeon
 13305 | D:10     | Reached skill level 4 in Air Magic
 13381 | D:10     | Reached XP level 11. HP: 60/60 MP: 12/16
 13396 | D:10     | Reached skill level 5 in Air Magic
 13396 | D:10     | magus.rc [v1.9.6]
 13783 | D:10     | Reached skill level 6 in Air Magic
 13938 | D:10     | Noticed a two-headed ogre
 13947 | D:10     | Killed a two-headed ogre
 14023 | D:10     | Reached skill level 9 in Dodging
 14437 | Lair:1   | Entered Level 1 of the Lair of Beasts
 14437 | Lair:1   | Noticed a catoblepas
 14453 | Lair:1   | HP: 9/60 [spore (28)]
 14453 | Lair:1   | HP: 4/60 [catoblepas/blast of calcifying dust (5)]
 14463 | Lair:1   | HP: 10/60 [catoblepas/blast of calcifying dust (7)]
 14466 | Lair:1   | Killed from afar by a catoblepas
 14466 | Lair:1   | Lost a life (1 life remaining)
 14498 | Lair:1   | HP: 14/60 [catoblepas (23)]
 14504 | Lair:1   | Killed a catoblepas
 14505 | Lair:1   | Reached skill level 9 in Fighting
 14515 | Lair:1   | Reached skill level 10 in Dodging
 15002 | Lair:1   | Reached skill level 11 in Dodging
 15004 | Lair:1   | Reached skill level 10 in Fighting
 15158 | Lair:1   | Reached skill level 12 in Dodging
 15158 | Lair:1   | Reached skill level 1 in Unarmed Combat
 15158 | Lair:1   | Gained mutation: Your thick and shaggy fur keeps you warm.
                  | (AC +3, rC+) [Felid growth]
 15158 | Lair:1   | Reached XP level 12. HP: 45/67 MP: 10/17
 15158 | Lair:1   | Gained a life (2 lives remaining)
 15225 | Lair:1   | Reached skill level 2 in Unarmed Combat
 15509 | D:10     | Bought the brooch of Shielding {Spirit SH+8} for 845 gold
                  | pieces
 15509 | D:10     | Found the brooch of Shielding {Spirit SH+8}
 15520 | D:10     | magus.rc [v1.9.6]
 15696 | Lair:1   | Reached skill level 3 in Unarmed Combat
 15914 | Lair:1   | Reached skill level 4 in Unarmed Combat
 16288 | Lair:1   | You pick up a book of the Warp and begin reading...
 16288 | Lair:1   | You add the spells Manifold Assault, Dispersal and
                  | Disjunction to your library.
 16405 | Lair:1   | Reached skill level 11 in Fighting
 16736 | Lair:1   | HP: 17/70 [poisoned by a cane toad]
 17006 | Lair:2   | Noticed Gastronok
 17027 | Lair:2   | Slain by a cane toad
 17027 | Lair:2   | Lost a life (1 life remaining)
 17028 | Lair:2   | Noticed Maggie
 17136 | Lair:2   | HP: 10/70 [shot self (11)]
 17137 | Lair:2   | Reached skill level 5 in Unarmed Combat
 17349 | Lair:2   | Found a staircase to the Swamp.
 17662 | Lair:2   | Killed Maggie
 17663 | Lair:2   | Reached skill level 6 in Unarmed Combat
 17805 | Lair:2   | Killed Gastronok
 17806 | Lair:2   | Reached skill level 12 in Fighting
 18460 | Lair:2   | magus.rc [v1.9.6]
 18780 | D:10     | Bought the ring "Hod Ofoe" {rF+ rC+ Str+5} for 643 gold
                  | pieces
 18928 | Lair:2   | HP: 15/71 [water moccasin (4)]
 19152 | Lair:3   | Noticed Nergalle
 19235 | Lair:3   | Reached skill level 11 in Summonings
 19606 | Lair:3   | Reached XP level 13. HP: 62/75 MP: 6/18
 19606 | Lair:3   | Gained a life (2 lives remaining)
 19797 | Lair:3   | Found a hole to the Spider Nest.
 19886 | Lair:3   | Killed Nergalle
 20519 | Lair:4   | Reached skill level 12 in Summonings
 20881 | Lair:4   | Reached skill level 4 in Spellcasting
 21093 | Lair:4   | Found a viscous altar of Jiyva.
 21093 | Lair:4   | Found a staircase to the Slime Pits.
 21299 | Lair:4   | You pick up a book of Vapours and begin reading...
 21299 | Lair:4   | You add the spells Mercury Vapours, Mephitic Cloud and
                  | Freezing Cloud to your library.
 21553 | Lair:4   | Reached skill level 5 in Spellcasting
 21963 | Lair:5   | Entered Level 5 of the Lair of Beasts
 21971 | Lair:5   | Reached skill level 6 in Spellcasting
 22418 | Lair:5   | Reached skill level 7 in Unarmed Combat
 22433 | Lair:5   | Reached skill level 13 in Dodging
 23760 | D:11     | Found a shadowy altar of Dithmenos.
 23790 | D:11     | Reached skill level 8 in Unarmed Combat
 24022 | D:11     | Found a staircase to the Orcish Mines.
 24627 | D:11     | Noticed Urug
 24786 | D:11     | Reached skill level 14 in Dodging
 24861 | D:11     | Killed Urug
 25356 | Orc:1    | Entered Level 1 of the Orcish Mines
 25515 | Orc:1    | Reached XP level 14. HP: 80/80 MP: 13/24
 26194 | Orc:2    | Entered Level 2 of the Orcish Mines
 26201 | Orc:2    | Noticed an orc warlord
 26355 | Orc:2    | Reached skill level 9 in Unarmed Combat
 26551 | Orc:1    | Killed an orc warlord
 27096 | Orc:2    | Found a staircase to the Elven Halls.
 27564 | Orc:2    | Reached skill level 15 in Dodging
 28290 | Orc:2    | Found Biud's Weapon Emporium.
 28292 | Orc:2    | Found Utazxina's Antique Armour Boutique.
 28294 | Orc:2    | Found Cipew's Weapon Shoppe.
 28867 | Orc:2    | Reached skill level 10 in Unarmed Combat
 29113 | Orc:2    | Bought the Atlas of Assembled Bones for 540 gold pieces
 29113 | Orc:2    | You add the spells Fugue of the Fallen, Dispel Undead and
                  | Summon Forest to your library.
 29119 | Orc:2    | Learned a level 5 spell: Summon Forest
 29232 | D:12     | You pick up a book of Storms and begin reading...
 29232 | D:12     | You add the spells Static Discharge and Airstrike to your
                  | library.
 29359 | D:12     | Reached skill level 1 in Translocations
 29437 | D:12     | Found Yveklisha's Weapon Emporium.
 29500 | D:12     | Reached skill level 2 in Translocations
 29509 | D:12     | Noticed Kirke
 29510 | D:12     | Noticed a sphinx
 29748 | D:12     | Reached skill level 3 in Translocations
 29899 | D:12     | Killed Kirke
 29900 | D:12     | Reached skill level 4 in Translocations
 29941 | D:12     | Reached skill level 5 in Translocations
 30304 | D:12     | Reached skill level 6 in Translocations
 30728 | D:13     | Found Cymoatej's Distillery.
 30740 | D:13     | Reached skill level 7 in Translocations
 31104 | D:13     | Reached skill level 8 in Translocations
 31563 | D:13     | Noticed Rupert
 31706 | D:13     | Reached skill level 9 in Translocations
 31878 | D:13     | Reached skill level 10 in Translocations
 31878 | D:13     | Reached skill level 6 in Stealth
 31887 | D:13     | Paralysed by Rupert for 2 turns
 31892 | D:13     | Killed Rupert
 32011 | D:13     | Found a gate to the Vaults.
 32239 | D:14     | Reached skill level 7 in Stealth
 32367 | D:14     | HP: 15/80 [boulder beetle (21)]
 32779 | D:14     | Reached skill level 16 in Dodging
 32956 | D:14     | Reached skill level 8 in Stealth
 33105 | D:14     | Reached skill level 9 in Stealth
 33105 | D:14     | Reached XP level 15. HP: 84/84 MP: 15/25
 33264 | D:14     | Reached skill level 10 in Stealth
 33338 | D:14     | Found Byploff's Distillery.
 33341 | D:14     | Bought a potion of heal wounds for 85 gold pieces
 33505 | D:15     | Entered Level 15 of the Dungeon
 33505 | D:15     | Noticed Agnes
 33534 | D:15     | Noticed Josephine
 33542 | D:15     | Killed Josephine
 33705 | D:15     | You pick up a book of Spatial Translocations and begin
                  | reading...
 33705 | D:15     | You add the spells Blink, Momentum Strike and Lesser
                  | Beckoning to your library.
 34067 | D:4      | You pick up a book of Scorching and begin reading...
 34067 | D:4      | You add the spells Scorch, Flame Wave and Summon Cactus
                  | Giant to your library.
 34075 | D:4      | Learned a level 6 spell: Summon Cactus Giant
 35780 | D:15     | Killed Agnes
 35912 | D:15     | Found a staircase to the Depths.
 36393 | Lair:1   | Upgraded the game from 0.31-a0-1496-g79c7dd0eeb to
                  | 0.31-a0-1522-g43313d8a59
 36393 | Lair:1   | magus.rc [v1.9.6]
 36449 | Swamp:1  | Entered Level 1 of the Swamp
 36461 | Swamp:1  | Reached skill level 13 in Fighting
 36465 | Swamp:1  | Learned a level 3 spell: Fugue of the Fallen
 36563 | Swamp:1  | Reached skill level 1 in Necromancy
 36570 | Swamp:1  | Reached skill level 2 in Necromancy
 37179 | Swamp:1  | Reached skill level 3 in Necromancy
 37247 | Swamp:1  | Reached skill level 13 in Summonings
 37562 | Swamp:1  | Reached skill level 4 in Necromancy
 38081 | Swamp:1  | Gained mutation: You have an increased reservoir of magic.
                  | (+10% MP) [potion of mutation]
 38082 | Swamp:1  | magus.rc [v1.9.6]
 38117 | Swamp:2  | HP: 18/86 [swamp worm/harpoon shot (11)]
 38369 | Swamp:2  | Reached skill level 5 in Necromancy
 39264 | D:15     | Reached skill level 1 in Shapeshifting
 39443 | D:15     | Reached skill level 2 in Shapeshifting
 39850 | D:15     | Reached skill level 3 in Shapeshifting
 39964 | D:15     | You add the spells Magic Dart, Alistair's Intoxication,
                  | Irradiate and Starburst to your library.
 39964 | D:15     | Got Sif Muna's Compilation of Mutagenic Conjury
 40535 | Swamp:2  | Reached skill level 4 in Shapeshifting
 40940 | Swamp:2  | Reached XP level 16. HP: 91/91 MP: 18/28
 41003 | Swamp:2  | magus.rc [v1.9.6]
 41214 | Swamp:3  | Reached skill level 5 in Shapeshifting
 41625 | Swamp:3  | You pick up a book of Debilitation and begin reading...
 41625 | Swamp:3  | You add the spells Sigil of Binding, Vampiric Draining and
                  | Confusing Touch to your library.
 41664 | Swamp:3  | Reached skill level 6 in Shapeshifting
 42639 | Swamp:3  | magus.rc [v1.9.6]
 42645 | Swamp:4  | Entered Level 4 of the Swamp
 42645 | Swamp:4  | Noticed a thorn hunter
 42666 | Swamp:4  | Reached skill level 7 in Shapeshifting
 43165 | Swamp:4  | Reached skill level 8 in Shapeshifting
 43674 | Swamp:4  | HP: 15/91 [four-headed hydra (8)]
 43679 | Swamp:4  | HP: 6/136 [something (3)]
 43679 | Swamp:4  | HP: 2/136 [poison (poison gas)]
 43680 | Swamp:4  | Succumbed to poison (poison gas)
 43680 | Swamp:4  | Lost a life (1 life remaining)
 43882 | Swamp:4  | Killed a thorn hunter
 44297 | Swamp:4  | Reached skill level 9 in Shapeshifting
 44649 | Swamp:4  | HP: 22/91 [poisoned by a swamp dragon (poison gas)]
 45115 | Swamp:4  | Noticed the 27-headed Lernaean hydra
 45118 | Swamp:4  | Killed the 27-headed Lernaean hydra
 45119 | Swamp:4  | Reached skill level 10 in Shapeshifting
 45641 | Swamp:4  | Got a decaying rune of Zot
 45757 | Lair:2   | magus.rc [v1.9.6]
 45758 | Lair:2   | magus.rc [v1.9.6]
 45795 | Spider:1 | Entered Level 1 of the Spider Nest
 46482 | Spider:1 | You pick up a book of Storms and begin reading...
 47193 | Spider:1 | Reached skill level 11 in Shapeshifting
 47483 | Spider:1 | Reached XP level 17. HP: 76/95 MP: 6/29
 47483 | Spider:1 | Gained a life (2 lives remaining)
 47801 | Spider:1 | magus.rc [v1.9.6]
 47993 | Lair:2   | Bought a granite talisman for 1020 gold pieces
 48074 | Lair:2   | magus.rc [v1.9.6]
 48291 | Spider:2 | Noticed Nikola
 48355 | Spider:2 | magus.rc [v1.9.6]
 48593 | Spider:2 | Reached skill level 12 in Shapeshifting
 48846 | Spider:2 | Killed Nikola
 49735 | Spider:3 | Reached skill level 13 in Shapeshifting
 49997 | Spider:3 | magus.rc [v1.9.6]
 49997 | Spider:3 | magus.rc [v1.9.6]
 50475 | Spider:3 | Reached skill level 14 in Shapeshifting
 50545 | Spider:3 | Noticed Mlioglotl
 50547 | Spider:3 | Noticed an ancient lich
 50606 | Spider:3 | Noticed a dread lich
 50606 | Spider:3 | Killed Mlioglotl
 51165 | Spider:4 | Entered Level 4 of the Spider Nest
 51363 | Spider:3 | Reached skill level 15 in Shapeshifting
 51504 | Spider:3 | Reached XP level 18. HP: 99/100 MP: 23/30
 51627 | Spider:4 | Identified the blade talisman of the Bells {Fly rF+ MP+9}
 52755 | Spider:4 | Identified the +3 robe of the Ego {Int+4}
 52855 | Spider:4 | Got a gossamer rune of Zot
 53396 | D:14     | Bought Coladagrug's Parchment of Illusion and Austromancy
                  | for 532 gold pieces
 53396 | D:14     | You add the spells Cigotuvi's Dreadful Rot and Malign
                  | Gateway to your library.
 53440 | Vaults:1 | Entered Level 1 of the Vaults
 53466 | Vaults:1 | Reached skill level 16 in Shapeshifting
 53494 | Vaults:1 | magus.rc [v1.9.6]
 53763 | Vaults:1 | Identified a scroll of acquirement
 53764 | Vaults:1 | Acquired the ring "Cana" {rPois Will+ EV+5 Str-2}
 54102 | Vaults:1 | Reached skill level 11 in Unarmed Combat
 54307 | Vaults:1 | Reached skill level 14 in Fighting
 54805 | Vaults:1 | Found Geddeuso's Antique Armour Emporium.
 54854 | Vaults:1 | Reached skill level 12 in Unarmed Combat
 55691 | Lair:4   | Fell from the grace of Gozag
 55691 | Lair:4   | Became a worshipper of Jiyva Jericweo the Shapeless
 56457 | Vaults:2 | Found Xeohel's General Store.
 56478 | Vaults:2 | Reached XP level 19. HP: 107/107 MP: 13/31
 56574 | Vaults:2 | Bought a scroll of amnesia for 44 gold pieces
 56758 | Vaults:2 | Reached skill level 15 in Fighting
 56809 | Vaults:2 | Found a large runed translucent door.
 56809 | Vaults:2 | Found a large runed translucent door.
 56810 | Vaults:2 | Found a large runed translucent door.
 56810 | Vaults:2 | Found a large runed translucent door.
 56811 | Vaults:2 | Found a large runed translucent door.
 56811 | Vaults:2 | Found a large runed translucent door.
 56811 | Vaults:2 | Noticed Plog's ghost (adept AtMo)
 56812 | Vaults:2 | Found a large runed translucent door.
 56812 | Vaults:2 | Found a large runed translucent door.
 56874 | Vaults:2 | Reached * piety under Jiyva
 57019 | Vaults:2 | Learned a level 7 spell: Malign Gateway
 57259 | Vaults:2 | Reached skill level 13 in Unarmed Combat
 57295 | Vaults:2 | Reached ** piety under Jiyva
 58046 | Vaults:3 | Noticed a bone dragon
 58063 | Vaults:3 | Killed a bone dragon
 58075 | Vaults:3 | Found a staircase to the Crypt.
 58210 | Vaults:3 | Reached skill level 16 in Fighting
 58241 | Vaults:3 | Reached skill level 14 in Unarmed Combat
 58372 | Vaults:3 | Reached *** piety under Jiyva
 58372 | Vaults:3 | Noticed an iron giant
 58377 | Vaults:3 | Killed an iron giant
 58403 | Vaults:3 | Gained mutation: You have a small jelly attached to you
                  | that senses nearby items. [Jiyva's grace]
 58403 | Vaults:3 | Gained mutation: You possess an exceptional clarity of
                  | mind. [Jiyva's grace]
 58403 | Vaults:3 | Gained mutation: You have a small jelly attached to you
                  | that may absorb projectiles. [Jiyva's grace]
 58403 | Vaults:3 | Gained mutation: Your translucent skin slightly reduces
                  | your foes' accuracy. (Stealth+) [Jiyva's grace]
 58431 | Vaults:3 | Found Ixunnux's Antique Armour Shop.
 58620 | Vaults:3 | Reached skill level 15 in Unarmed Combat
 58812 | Vaults:3 | Noticed Norris
 58842 | Vaults:3 | Killed Norris
 59321 | Vaults:4 | Reached skill level 16 in Unarmed Combat
 59553 | Vaults:4 | Reached XP level 20. HP: 114/114 MP: 25/32
 59572 | Vaults:4 | Reached **** piety under Jiyva
 59938 | Vaults:4 | Reached skill level 17 in Dodging
 60257 | Crypt:1  | Entered Level 1 of the Crypt
 60376 | Crypt:1  | magus.rc [v1.9.6]
 60410 | Crypt:1  | Lost mutation: You possess an exceptional clarity of mind.
                  | [Jiyva's grace]
 60410 | Crypt:1  | Gained mutation: You have a considerably increased
                  | reservoir of magic. (+20% MP) [Jiyva's grace]
 60410 | Crypt:1  | Gained mutation: You have a greatly increased reservoir of
                  | magic. (+30% MP) [Jiyva's grace]
 60410 | Crypt:1  | Gained mutation: You have hidden genetic potential.
                  | [Jiyva's grace]
 60410 | Crypt:1  | Gained mutation: You have great hidden genetic potential.
                  | [Jiyva's grace]
 60547 | Crypt:1  | Reached skill level 18 in Dodging
 60588 | Crypt:1  | magus.rc [v1.9.6]
 60905 | Crypt:1  | Reached ***** piety under Jiyva
 61220 | Crypt:2  | Reached skill level 19 in Dodging
 61230 | Crypt:2  | Noticed a curse skull
 61231 | Crypt:2  | Noticed Bai Suzhen
 61240 | Crypt:1  | Killed a curse skull
 61543 | Crypt:2  | Identified the +1 robe of Conscience {rPois}
 61571 | Crypt:2  | Reached skill level 20 in Dodging
 61657 | Crypt:2  | Killed Bai Suzhen
 61957 | Crypt:2  | Noticed a curse skull
 61972 | Crypt:2  | Killed a curse skull
 61973 | Crypt:2  | Was forgiven by Gozag
 61985 | Crypt:2  | Noticed a curse skull
 61993 | Crypt:2  | Noticed an ancient lich
 61996 | Crypt:2  | Killed a curse skull
 62001 | Crypt:2  | Killed an ancient lich
 62002 | Crypt:2  | Reached skill level 11 in Translocations
 62007 | Crypt:2  | Identified the staff "Fuiloe" {rElec rN++ Int+3 Air}
 62010 | Crypt:2  | Identified the +11 hand axe of Viqal {drain, Fly}
 62013 | Crypt:2  | You pick up a book of Frost and begin reading...
 62013 | Crypt:2  | You add the spells Freeze, Frozen Ramparts and Hailstorm to
                  | your library.
 62014 | Crypt:2  | Identified the +5 dagger of Nurturing Sudden Death {freeze,
                  | rF+}
 62195 | Crypt:3  | Entered Level 3 of the Crypt
 62234 | Crypt:3  | Reached skill level 14 in Summonings
 62366 | Crypt:3  | Reached skill level 12 in Translocations
 62366 | Crypt:3  | Noticed a dread lich
 62377 | Crypt:3  | Paralysed by a dread lich for 5 turns
 62384 | Crypt:3  | Noticed a bone dragon
 62526 | Crypt:3  | Reached skill level 13 in Translocations
 62545 | Crypt:3  | Found an ancient bone altar of Kikubaaqudgha.
 62684 | Crypt:3  | Reached skill level 14 in Translocations
 62699 | Crypt:3  | Noticed a profane servitor
 62707 | Crypt:3  | Killed a profane servitor
 62709 | Crypt:3  | Reached XP level 21. HP: 119/119 MP: 37/40
 62807 | Crypt:3  | Identified the +8 quick blade of Quqim {chaos, rC++}
 62821 | Crypt:3  | Found the +6 Majin-Bo {spellvamp, MP+6 Int+6}
 62855 | Crypt:3  | Reached skill level 15 in Translocations
 62975 | Crypt:3  | Gained mutation: You do not regenerate when monsters are
                  | visible. [a cacodemon]
 62984 | Crypt:3  | Killed a dread lich
 62985 | Crypt:3  | Reached skill level 16 in Translocations
 63035 | Crypt:3  | Gained mutation: Your mind is acute. (Int +4, Str/Dex -1)
                  | [hidden potential]
 63083 | Crypt:3  | You pick up a book of the Moon and begin reading...
 63083 | Crypt:3  | You add the spells Silence and Lehudib's Crystal Spear to
                  | your library.
 63126 | Crypt:3  | Found a staircase to the Tomb.
 63526 | Elf:1    | Entered Level 1 of the Elven Halls
 63583 | Elf:1    | Reached skill level 17 in Translocations
 63763 | Elf:1    | Noticed Donald
 63767 | Elf:1    | Killed Donald
 63841 | Elf:1    | Lost mutation: You have great hidden genetic potential.
                  | [Jiyva's grace]
 63841 | Elf:1    | Gained mutation: Your melee attacks may engulf your foes in
                  | ooze. [Jiyva's grace]
 63841 | Elf:1    | Gained mutation: Your mind is very acute. (Int +8, Str/Dex
                  | -2) [Jiyva's grace]
 63841 | Elf:1    | Gained mutation: Your spells are a little harder to cast,
                  | but a little more powerful. [Jiyva's grace]
 63841 | Elf:1    | Gained mutation: Your spells are harder to cast, but more
                  | powerful. [Jiyva's grace]
 64145 | Elf:1    | Lost mutation: Your spells are harder to cast, but more
                  | powerful. [potion of mutation]
 64145 | Elf:1    | Lost mutation: Your spells are a little harder to cast, but
                  | a little more powerful. [potion of mutation]
 64145 | Elf:1    | Lost mutation: Your translucent skin slightly reduces your
                  | foes' accuracy. (Stealth+) [potion of mutation]
 64146 | Elf:1    | Lost mutation: You have a small jelly attached to you that
                  | may absorb projectiles. [potion of mutation]
 64146 | Elf:1    | Lost mutation: You have a small jelly attached to you that
                  | senses nearby items. [potion of mutation]
 64146 | Elf:1    | Lost mutation: You do not regenerate when monsters are
                  | visible. [potion of mutation]
 64146 | Elf:1    | Gained mutation: You are frail. (-10% HP) [potion of
                  | mutation]
 64146 | Elf:1    | Lost mutation: You have a greatly increased reservoir of
                  | magic. (+30% MP) [potion of mutation]
 64146 | Elf:1    | Gained mutation: You passively dampen the noise of your
                  | surroundings. [potion of mutation]
 64147 | Elf:1    | Lost mutation: Your melee attacks may engulf your foes in
                  | ooze. [potion of mutation]
 64147 | Elf:1    | Lost mutation: You have a considerably increased reservoir
                  | of magic. (+20% MP) [potion of mutation]
 64148 | Elf:1    | Lost mutation: You have hidden genetic potential. [potion
                  | of mutation]
 64148 | Elf:1    | Lost mutation: You have an increased reservoir of magic.
                  | (+10% MP) [potion of mutation]
 64148 | Elf:1    | Lost mutation: Your mind is very acute. (Int +8, Str/Dex
                  | -2) [potion of mutation]
 64148 | Elf:1    | Lost mutation: Your mind is acute. (Int +4, Str/Dex -1)
                  | [potion of mutation]
 64148 | Elf:1    | Gained mutation: You are very frail. (-20% HP) [potion of
                  | mutation]
 64149 | Elf:1    | Lost mutation: You passively dampen the noise of your
                  | surroundings. [potion of mutation]
 64149 | Elf:1    | Lost mutation: You are very frail. (-20% HP) [potion of
                  | mutation]
 64149 | Elf:1    | Lost mutation: You are frail. (-10% HP) [potion of
                  | mutation]
 64149 | Elf:1    | Gained mutation: You are robust. (+10% HP) [potion of
                  | mutation]
 64149 | Elf:1    | Gained mutation: You are occasionally teleported next to
                  | monsters. [potion of mutation]
 64150 | Elf:1    | Lost mutation: You are robust. (+10% HP) [potion of
                  | mutation]
 64150 | Elf:1    | Lost mutation: You are occasionally teleported next to
                  | monsters. [potion of mutation]
 64150 | Elf:1    | Gained mutation: You expend magic power (3 MP) to
                  | strengthen your wands. [potion of mutation]
 64185 | Elf:2    | Reached skill level 7 in Spellcasting
 64289 | Elf:2    | Found Gawaeshrots's Weapon Emporium.
 64349 | Elf:2    | Reached skill level 8 in Spellcasting
 64644 | Elf:2    | Found a large runed translucent door.
 64644 | Elf:2    | Found a large runed translucent door.
 64668 | Elf:2    | Found a large runed translucent door.
 64668 | Elf:2    | Found a large runed translucent door.
 64773 | Elf:3    | Entered Level 3 of the Elven Halls
 64829 | Elf:3    | Found Elaruixuiwk's Jewellery Shoppe.
 64832 | Elf:3    | Found Camoanuf's Armour Shoppe.
 64832 | Elf:3    | Found Tius Cinta's Assorted Antiques.
 64838 | Elf:3    | Found Xoesash's General Store.
 64847 | Elf:3    | Bought a scroll of teleportation for 54 gold pieces
 64849 | Elf:3    | Reached ****** piety under Jiyva
 64885 | Elf:3    | Reached skill level 9 in Spellcasting
 65217 | Slime:1  | Entered Level 1 of the Pits of Slime
 65314 | Slime:5  | Entered Level 5 of the Pits of Slime
 65476 | Slime:5  | Noticed the Royal Jelly
 65507 | Slime:5  | Found a viscous altar of Jiyva.
 65523 | Slime:5  | Got a slimy rune of Zot
 65524 | Slime:5  | Got a starry gem with 142 turns to spare
 65528 | Slime:5  | Identified the ring "Attenlekk" {rCorr Slay+2}
 65543 | Slime:5  | Identified the +0 ice dragon scales "Cuempot" {*Corrode
                  | rElec rF- rC++ rN+++}
 65618 | Slime:5  | Lost the starry gem through the power of Zot.Gained a life
                  | (8 lives remaining)
 66211 | Elf:3    | Reached skill level 10 in Spellcasting
 66928 | Elf:3    | Identified the +4 broad axe of the Silly God {antimagic,
                  | +Blink rElec rC++ Dex+2}
 66928 | Elf:3    | a deep elf sorcerer comes into view. It is wielding the +4
                  | broad axe of the Silly God {antimagic, +Blink rElec rC++
                  | Dex+2} and wearing the +3 salamander hide armour {Flames,
                  | rFlCloud rF++ rC--}.
 66934 | Elf:3    | Identified the +9 quarterstaff "Ikla Qou" {spect, Int+3}
 67083 | Elf:3    | Found the +3 crown of Dyrovepreva {rElec Int+2 SInv}
 67088 | Elf:3    | You pick up a book of Power and begin reading...
 67088 | Elf:3    | You add the spells Iskenderun's Battlesphere, Bombard and
                  | Spellforged Servitor to your library.
 67107 | Elf:3    | You pick up a book of Cantrips and begin reading...
 67107 | Elf:3    | You add the spells Sting, Necrotise and Apportation to your
                  | library.
 67110 | Elf:3    | You pick up a book of Dreams and begin reading...
 67110 | Elf:3    | You add the spells Ensorcelled Hibernation and Anguish to
                  | your library.
 67114 | Elf:3    | You pick up a book of Fire and begin reading...
 67114 | Elf:3    | You add the spells Foxfire and Plasma Beam to your library.
 67117 | Elf:3    | You pick up a book of Blasting and begin reading...
 67117 | Elf:3    | You add the spells Volatile Blastmotes, Fulminant Prism and
                  | Iskenderun's Mystic Blast to your library.
 67127 | Elf:3    | You pick up a book of Vapours and begin reading...
 67130 | Elf:3    | You pick up a book of Beasts and begin reading...
 67130 | Elf:3    | You add the spells Summon Ice Beast, Summon Mana Viper and
                  | Monstrous Menagerie to your library.
 67132 | Elf:3    | You pick up a book of the Warp and begin reading...
 67142 | Elf:3    | Identified the death talisman of Sodduz {rElec MP+9 Str+3
                  | Stlth-}
 67146 | Elf:3    | You pick up a book of Burglary and begin reading...
 67146 | Elf:3    | You add the spells Swiftness and Passwall to your library.
 67149 | Elf:3    | You add the spells Sticky Flame and Martyr's Knell to your
                  | library.
 67149 | Elf:3    | Got the Treatise on Soot and Assembling
 67155 | Elf:3    | You pick up a book of Dreams and begin reading...
 67405 | Depths:1 | Entered Level 1 of the Depths
 67415 | D:15     | Learned a level 6 spell: Dispersal
 67421 | D:15     | Learned a level 5 spell: Yara's Violent Unravelling
 67438 | Depths:1 | Reached skill level 1 in Hexes
 67438 | Depths:1 | Reached skill level 1 in Alchemy
 67465 | D:15     | Reached skill level 2 in Hexes
 67465 | D:15     | Reached skill level 2 in Alchemy
 67498 | D:15     | Reached skill level 3 in Hexes
 67507 | D:15     | Reached skill level 3 in Alchemy
 67547 | D:15     | Reached skill level 4 in Hexes
 67592 | Depths:1 | Reached skill level 4 in Alchemy
 67598 | Depths:1 | Reached XP level 22. HP: 125/125 MP: 37/37
 67601 | Depths:1 | Reached skill level 5 in Hexes
 67612 | Depths:1 | Reached skill level 5 in Alchemy
 67676 | Depths:1 | Reached skill level 6 in Hexes
 67704 | Depths:1 | Gained mutation: You possess an exceptional clarity of
                  | mind. [Jiyva's grace]
 67704 | Depths:1 | Gained mutation: You are agile. (Dex +4, Str/Int -1)
                  | [Jiyva's grace]
 67704 | Depths:1 | Gained mutation: You are very agile. (Dex +8, Str/Int -2)
                  | [Jiyva's grace]
 67704 | Depths:1 | Gained mutation: Your melee attacks may engulf your foes in
                  | ooze. [Jiyva's grace]
 67776 | Depths:1 | Found a shimmering blue altar of Sif Muna.
 67797 | Depths:1 | Found a gateway to Hell.
 67830 | Depths:1 | Reached skill level 6 in Alchemy
 67903 | Depths:1 | Found Cir Dyps's Magic Scroll Shoppe.
 67914 | Depths:1 | Reached skill level 7 in Hexes
 67918 | Depths:1 | Found Netaev's Distillery.
 67924 | Depths:1 | Found Bafesef's Antique Weapon Shoppe.
 67928 | Depths:1 | Bought a scroll of revelation for 172 gold pieces
 67928 | Depths:1 | Bought a scroll of teleportation for 69 gold pieces
 67928 | Depths:1 | Bought a scroll of fog for 92 gold pieces
 67928 | Depths:1 | Bought a scroll of fog for 92 gold pieces
 67930 | Depths:1 | Bought a potion of invisibility for 96 gold pieces
 67930 | Depths:1 | Bought a potion of invisibility for 96 gold pieces
 67930 | Depths:1 | Bought a potion of heal wounds for 60 gold pieces
 67930 | Depths:1 | Bought a potion of might for 48 gold pieces
 67930 | Depths:1 | Bought a potion of curing for 36 gold pieces
 67932 | Depths:1 | Noticed Sojobo
 67968 | Depths:1 | Reached skill level 7 in Alchemy
 67988 | Depths:1 | Killed Sojobo
 67989 | Depths:1 | Reached skill level 8 in Hexes
 68262 | Depths:2 | the Enchantress comes into view. She is wielding a +2 flail
                  | of venom, wearing the +4 faerie dragon scales {rCorr Str+2}
                  | and wearing a +0 buckler of protection.
 68262 | Depths:2 | Noticed the Enchantress
 68263 | Depths:2 | Here: the Enchantress, wielding a +2 flail of venom,
                  | wearing the +4 faerie dragon scales {rCorr Str+2}, wearing
                  | a +0 buckler of protection and wearing a ring of resist
                  | corrosion (repelling missiles)
 68306 | Depths:1 | Killed the Enchantress
 68307 | Depths:1 | Reached skill level 8 in Alchemy
 68395 | Depths:2 | Reached skill level 17 in Fighting
 68474 | Depths:2 | Found a one-way gateway to a ziggurat.
 68645 | Depths:2 | Found a one-way gate leading to the halls of Pandemonium.
 68714 | Depths:2 | Reached skill level 17 in Unarmed Combat
 68861 | Depths:2 | Gained mutation: You have hidden genetic potential.
                  | [Jiyva's grace]
 68861 | Depths:2 | Gained mutation: You have great hidden genetic potential.
                  | [Jiyva's grace]
 68861 | Depths:2 | Gained mutation: You are covered in slimy tendrils that may
                  | disarm your opponents. [Jiyva's grace]
 68861 | Depths:2 | Gained mutation: Your muscles are strong. (Str +4, Int/Dex
                  | -1) [Jiyva's grace]
 69086 | Depths:2 | Noticed a golden dragon
 69093 | Depths:2 | Killed a golden dragon
 69200 | Depths:2 | Identified the ring "Toableo" {rPois rN+++ rCorr Dex-5
                  | Stlth+}
 69312 | Depths:3 | Reached skill level 18 in Fighting
 69340 | Depths:3 | You pick up a book of Armaments and begin reading...
 69710 | Depths:3 | Noticed Vv
 69747 | Depths:3 | Killed Vv
 69962 | Depths:3 | Found a one-way gate to the infinite horrors of the Abyss.
 70095 | Depths:3 | Reached skill level 19 in Fighting
 70207 | Depths:3 | Reached skill level 18 in Unarmed Combat
 70296 | Depths:3 | You pick up a book of Spontaneous Combustion and begin
                  | reading...
 70296 | Depths:3 | You add the spells Inner Flame and Ignition to your
                  | library.
 70351 | Depths:3 | Found an opulent altar of Gozag.
 70524 | Depths:4 | Entered Level 4 of the Depths
 70525 | Depths:4 | Lost mutation: You have great hidden genetic potential.
                  | [Jiyva's grace]
 70525 | Depths:4 | Lost mutation: Your melee attacks may engulf your foes in
                  | ooze. [Jiyva's grace]
 70525 | Depths:4 | Gained mutation: You have a small jelly attached to you
                  | that senses nearby items. [Jiyva's grace]
 70525 | Depths:4 | Gained mutation: You have acidic saliva. [Jiyva's grace]
 70525 | Depths:4 | Gained mutation: Your body has grown eyes which may confuse
                  | attackers. (Acc +3) [Jiyva's grace]
 70525 | Depths:4 | Gained mutation: Your body has grown many eyes which may
                  | confuse attackers. (Acc +5) [Jiyva's grace]
 70566 | Depths:4 | Reached XP level 23. HP: 136/136 MP: 30/38
 70601 | Depths:4 | Found a flickering gateway to a bazaar.
 70610 | Bazaar   | Entered a bazaar
 70635 | Bazaar   | Found Rahaokul's Book Shoppe.
 70636 | Bazaar   | Found Xusuos's Distillery.
 70645 | Bazaar   | Bought 2 potions of might for 88 gold pieces
 70679 | Bazaar   | Found Jeigakhom's Antique Weapon Emporium.
 70679 | Bazaar   | Found Finte's General Store.
 70784 | Depths:4 | Found Yreorch's Elemental Accessories.
 70838 | Depths:4 | Reached skill level 20 in Fighting
 71110 | Depths:4 | Found a gate to the Realm of Zot.
 71117 | Depths:4 | Reached skill level 19 in Unarmed Combat
 71288 | Zot:1    | Entered Level 1 of the Realm of Zot
 71393 | Zot:1    | Noticed a Killer Klown
 71394 | Zot:1    | Noticed a Killer Klown
 71396 | Zot:1    | Noticed a Killer Klown
 71398 | Zot:1    | Noticed a Killer Klown
 71407 | Zot:1    | Identified the +8 great sword of Guile {chaos, rN++ Will-
                  | Str+3 Dex+4}
 71407 | Zot:1    | Identified the +3 scale mail of Duatteuq {rC- Str+5}
 71413 | Zot:1    | Identified the +6 great sword "Fuxtit" {chaos, rElec rF+
                  | Will+}
 71413 | Zot:1    | Identified the +4 scale mail of Doew {rF++}
 71413 | Zot:1    | Identified the +9 dire flail "Gaunost" {chaos, *Noise rF++
                  | Str+3}
 71413 | Zot:1    | Identified the +3 hand cannon of Uskayaw's Hope {chaos,
                  | rElec rF+}
 71413 | Zot:1    | Identified the +2 robe of the Twisting Gods {rPois Will+
                  | Dex-3 Stlth+}
 71413 | Zot:1    | Identified the +1 battleaxe "Kurul" {chaos, *Noise rF+++
                  | Str+2}
 71413 | Zot:1    | Identified the +4 chain mail of Midwinter {^Contam Int+2
                  | Dex+2}
 71425 | Zot:1    | Reached skill level 20 in Unarmed Combat
 71427 | Zot:1    | Killed a Killer Klown
 71429 | Zot:1    | Killed a Killer Klown
 71439 | Zot:1    | Killed a Killer Klown
 71442 | Zot:1    | Gained mutation: You have a somewhat thin skeletal
                  | structure. (Dex +2, Stealth+) [hidden potential]
 71457 | Zot:1    | Killed a Killer Klown
 71605 | Zot:1    | Found a large runed translucent door.
 71606 | Zot:1    | Found a large runed translucent door.
 71607 | Zot:1    | Found a large runed translucent door.
 71607 | Zot:1    | Found a shimmering altar of Xom.
 71608 | Zot:1    | Found a large runed translucent door.
 71608 | Zot:1    | Found a large runed translucent door.
 71608 | Zot:1    | Found a large runed translucent door.
 71609 | Zot:1    | Found a large runed translucent door.
 71609 | Zot:1    | Found a large runed translucent door.
 71609 | Zot:1    | Identified the +4 battleaxe of Inconvenience {chaos, rF++
                  | rCorr Str-5 Int+2}
 71609 | Zot:1    | Identified the +0 chain mail "Dexzah" {rC+ rN+ Will-}
 71677 | Zot:1    | You add the spells Vhi's Electric Charge and Shatter to
                  | your library.
 71677 | Zot:1    | Got the Enchiridion on Direction and the Crater
 71992 | Zot:2    | Reached skill level 21 in Dodging
 72098 | Zot:3    | Reached skill level 22 in Dodging
 72131 | Zot:3    | Lost mutation: You are very agile. (Dex +8, Str/Int -2)
                  | [Jiyva's grace]
 72131 | Zot:3    | Lost mutation: Your muscles are strong. (Str +4, Int/Dex
                  | -1) [Jiyva's grace]
 72131 | Zot:3    | Lost mutation: Your body has grown many eyes which may
                  | confuse attackers. (Acc +5) [Jiyva's grace]
 72131 | Zot:3    | Gained mutation: A frigid envelope surrounds you and
                  | freezes all who hurt you. [Jiyva's grace]
 72131 | Zot:3    | Gained mutation: Your muscles are strong. (Str +4, Int/Dex
                  | -1) [Jiyva's grace]
 72131 | Zot:3    | Gained mutation: Your muscles are very strong. (Str +8,
                  | Int/Dex -2) [Jiyva's grace]
 72131 | Zot:3    | Gained mutation: You have an increased reservoir of magic.
                  | (+10% MP) [Jiyva's grace]
 72220 | Zot:5    | Entered Level 5 of the Realm of Zot
 72306 | Zot:5    | Reached skill level 23 in Dodging
 72373 | Zot:5    | Noticed a Killer Klown
 72373 | Zot:5    | Noticed a Killer Klown
 72379 | Zot:5    | Got the Orb of Zot
 72381 | Zot:5    | Noticed a dread lich
 72381 | Zot:5    | Noticed an ancient lich
 72381 | Zot:5    | Noticed an electric golem
 72381 | Zot:5    | Noticed an orb of fire
 72381 | Zot:5    | Noticed a dread lich
 72381 | Zot:5    | Noticed an orb of fire
 72381 | Zot:5    | Noticed an orb of fire
 72381 | Zot:5    | Noticed an ancient lich
 72381 | Zot:5    | Noticed a dread lich
 72385 | Zot:5    | Noticed a Killer Klown
 72436 | Zot:3    | Reached XP level 24. HP: 142/142 MP: 33/41
 72785 | D:10     | Reached skill level 24 in Dodging
 72825 | D:9      | Lost mutation: You are agile. (Dex +4, Str/Int -1) [a
                  | cacodemon]
 72977 | D:4      | Gained mutation: You do not regenerate when monsters are
                  | visible. [a cacodemon]
 73029 | D:3      | Noticed Onle the pandemonium lord
 73036 | D:3      | Killed Onle the pandemonium lord
 73040 | D:3      | Killed Jessica
 73095 | D:3      | Reached skill level 25 in Dodging
 73141 | D:3      | Killed Ijyb
 73144 | D:3      | Noticed Utaipy the pandemonium lord
 73169 | D:2      | Noticed Diami the pandemonium lord
 73183 | D:2      | Killed Diami the pandemonium lord
 73264 | D:1      | Killed Sigmund
 73278 | D:$      | Escaped with the Orb!

Vanquished Creatures
  A dread lich (Crypt:3)
  An ancient lich (Crypt:2)
  2 pandemonium lords
  Sojobo (Depths:1)
  Bai Suzhen (Crypt:2)
  3 Killer Klowns (Zot:1)
  Nikola (Spider:2)
  Norris (Vaults:3)
  3 bone dragons
  A golden dragon (Depths:2)
  the Enchantress (Depths:1)
  2 Tzitzimimeh
  A Brimstone Fiend (D:10)
  A walking crystal tome (Depths:3)
  4 tentacled monstrosities
  4 Hell Sentinels
  2 Ice Fiends (D:3)
  6 liches
  5 Orb Guardians
  A deep elf blademaster (Elf:3)
  4 sphinxes
  A walking frostbound tome (Depths:3)
  3 death cobs
  3 Executioners
  An eldritch tentacle (D:2)
  Agnes (D:15)
  A shadow dragon (Zot:3)
  5 ancient champions
  A tengu reaver (Depths:4)
  7 draconian monks
  8 storm dragons
  A revenant (Crypt:3)
  A demonspawn warmonger (D:11)
  4 draconian shifters
  8 vault wardens
  4 frost giants
  6 ghost moths
  4 fire giants
  7 emperor scorpions
  2 protean progenitors
  2 deep elf sorcerers (Elf:3)
  An iron dragon (Depths:1)
  A balrug (D:10)
  5 ironbound preservers
  7 ghouls
  2 orc warlords
  2 deep elf elementalists (Elf:3)
  A reaper (Depths:3)
  A draconian stormcaller (Zot:3)
  A formless jellyfish (Vaults:1)
  4 spriggan defenders
  A demonspawn blood saint (D:10)
  A draconian annihilator (Zot:3)
  3 curse skulls
  6 cacodemons
  A caustic shrike skeleton (Crypt:2)
  4 eleionomae (Swamp:1)
  6 stone giants
  8 very ugly things
  6 ironbound thunderhulks
  5 vampire knights
  7 deep elf death magi
  2 yellow draconians
  6 green draconians
  9 dire elephants
  2 white draconians
  3 deep elf annihilators
  A war gargoyle (Vaults:3)
  3 red draconians
  5 spark wasps
  3 black draconians (Zot:3)
  6 purple draconians
  4 eidola
  3 green deaths
  5 ettins
  A crystal guardian (Vaults:2)
  12 jiangshi (Crypt:3)
  A great orb of eyes (Vaults:1)
  4 vault guards
  4 rakshasas
  8 yaktaur captains
  4 deep elf high priests
  4 entropy weavers
  5 fire dragons
  4 ice dragons
  4 spriggan air magi
  A hell beast (Depths:1)
  A spectral fenstrider witch (Crypt:3)
  A catoblepas (Lair:1)
  A jorogumo (Spider:4)
  4 radroaches (Spider:4)
  4 hydras
  6 ironbound frosthearts
  2 alligators (Swamp:1)
  19 centaur warriors
  3 two-headed ogres
  9 boulder beetles
  2 death knights (Crypt:1)
  12 dancing weapons
  2 deep troll shamans (Depths:1)
  A sphinx skeleton (Vaults:4)
  2 spriggan berserkers
  An orc high priest (Elf:2)
  5 tengu warriors
  A titan zombie (Depths:1)
  6 vampire magi
  6 deep troll earth magi
  3 occultists
  A demonic crawler (D:8)
  12 deep elf knights
  4 soul eaters
  2 sun demons (Depths:3)
  Nergalle (Lair:3)
  4 skysharks
  21 skeletal warriors
  5 iron trolls
  4 shadow wraiths (Crypt:3)
  A golden dragon zombie (Depths:1)
  An iron giant zombie (Crypt:1)
  6 orb spiders
  3 large abominations
  7 sixfirhies
  A pharaoh ant (Spider:3)
  5 flayed ghosts
  31 deep trolls
  A spriggan druid (Swamp:3)
  5 swamp dragons (Swamp:4)
  7 deep elf archers
  A bog body (Crypt:2)
  A sun moth (Spider:4)
  3 arcanists
  7 steelbarb worms
  An orange crystal statue (Elf:2)
  6 lindwurms
  2 golden dragon skeletons
  11 phantasmal warriors
  4 necromancers
  10 orc knights
  9 deep elf zephyrmancers
  6 ugly things
  8 ironbound convokers
  10 harpies (Vaults:2)
  An orc sorcerer (Orc:2)
  16 deep elf pyromancers
  11 wolf spiders
  A meliai (Spider:2)
  A human zombie (Vaults:2)
  A stone giant zombie (Crypt:2)
  5 cyclopes
  A manticore (D:14)
  A moth of wrath (shapeshifter) (Elf:2)
  A stone giant skeleton (Vaults:2)
  An iron dragon skeleton (Crypt:1)
  12 moths of wrath
  7 elephants
  A water nymph (Swamp:1)
  3 slime creatures (D:14)
  5 torpor snails
  3 cane toads
  6 vault sentinels
  2 orange demons
  A gargoyle (D:9)
  25 yaktaurs
  A rime drake (Lair:3)
  Maggie (Lair:2)
  2 freezing wraiths
  2 komodo dragons (Lair:3)
  A hellion (D:2)
  A yellow draconian skeleton (Crypt:2)
  A spectral two-headed ogre (Crypt:3)
  3 guardian mummies (Zot:1)
  2 red devils
  2 sea snake skeletons
  5 trolls
  9 nameless horrors
  23 tarantellas
  3 tyrant leeches
  A harpy skeleton (Crypt:2)
  A polar bear (Lair:5)
  3 hornets
  A shadow dragon simulacrum (Depths:1)
  A fire dragon zombie (Crypt:2)
  A tarantella zombie (Crypt:2)
  2 dream sheep (Lair:5)
  7 blink frogs
  27 jumping spiders
  An ettin zombie (Depths:1)
  A ynoxinul (D:8)
  9 culicivoras
  5 wraiths
  2 spriggans (Swamp:4)
  A shadow (D:11)
  5 water elementals
  4 wyverns
  A centaur simulacrum (D:15)
  2 vampires
  Grum (D:8)
  A basilisk (D:13)
  A black mamba skeleton (Crypt:2)
  4 fire elementals
  A human (D:13)
  2 vampire mosquitoes
  A neqoxec (D:2)
  35 yaks
  4 wargs
  17 redbacks
  A chaos spawn (D:3)
  An ogre zombie (Vaults:4)
  4 water moccasins
  7 swamp worms
  2 acid dragons
  3 hell hounds (Depths:2)
  A glowing shapeshifter skeleton (Crypt:2)
  3 black bears
  An ice beast (D:8)
  14 orc warriors
  3 swamp drakes
  3 small abominations (Crypt:3)
  25 laughing skulls
  8 centaurs
  6 wolves
  A torpor snail zombie (Crypt:2)
  An ogre (Orc:1)
  An elf simulacrum (Vaults:2)
  3 bullfrogs
  A gnoll sergeant (D:9)
  A necrophage (Crypt:3)
  5 killer bees
  A raiju zombie (Crypt:2)
  3 howler monkeys (D:12)
  7 electric eels
  A hound (D:7)
  A basilisk zombie (Crypt:2)
  4 orc priests
  2 centaur skeletons
  6 orc wizards
  2 hell rats (Lair:2)
  A deep dwarf skeleton (Crypt:1)
  3 gnolls
  14 orcs
  A ball python (D:2)
  3 bats
  6 endoplasms
  3 giant cockroaches
  6 hobgoblins
  3 kobolds
  2 quokkas
  4 frilled lizards
  2 goblins
  2 rats
  An aspiring flesh (Zot:1)
  5 butterflies (Zot:1)
  2 snaplasher vines
1068 creatures vanquished.

Vanquished Creatures (collateral kills)
  the Lernaean hydra (Swamp:4)
  Vv (Depths:3)
  A Killer Klown (Zot:1)
  A profane servitor (Crypt:3)
  An iron giant (Vaults:3)
  A hellephant (D:12)
  3 tentacled monstrosities
  Rupert (D:13)
  Mlioglotl (Spider:3)
  2 Orb Guardians (Zot:5)
  2 quicksilver dragons
  2 death cobs (Zot:1)
  Kirke (D:12)
  Gastronok (Lair:2)
  A thorn hunter (Swamp:4)
  2 protean progenitors (Zot:1)
  A tengu reaver (Depths:1)
  2 storm dragons
  3 shadow dragons
  2 frost giants
  Donald (Elf:1)
  A daeva (D:12)
  4 vault wardens
  A fire giant (Depths:3)
  3 draconian shifters
  2 emperor scorpions (Spider:4)
  5 deep elf sorcerers
  3 deep elf elementalists (Elf:3)
  2 orc warlords
  A reaper (D:11)
  An iron dragon (Depths:2)
  A draconian annihilator (Zot:1)
  A spriggan defender (Depths:4)
  9 very ugly things
  A broodmother (Spider:3)
  3 ironbound preservers
  3 green draconians
  A vampire knight (Depths:2)
  3 eleionomae
  2 stone giants
  A deep elf demonologist (Elf:3)
  An ironbound thunderhulk (Vaults:1)
  2 black draconians
  4 purple draconians
  4 dire elephants (Vaults:1)
  2 bunyips
  A deep elf death mage (Elf:3)
  3 red draconians
  2 deep elf annihilators (Elf:3)
  2 ettins
  2 green deaths
  A jiangshi (Crypt:2)
  4 fire dragons (Depths:4)
  Josephine (D:15)
  4 yaktaur captains
  3 deep elf high priests (Elf:3)
  2 ice dragons
  A vault guard (D:13)
  2 shambling mangroves
  An ironbound frostheart (Vaults:4)
  12 hydras
  A great orb of eyes (Vaults:1)
  2 alligators
  An ogre mage (D:15)
  5 centaur warriors
  3 spriggan air magi (Depths:2)
  2 satyrs (Zot:2)
  6 boulder beetles
  2 ghost crabs
  A dancing weapon (Elf:1)
  3 death knights
  4 jorogumos
  4 deep troll earth magi
  3 deep troll shamans
  Urug (D:11)
  A titan zombie (Crypt:2)
  A sun demon (D:3)
  3 tengu warriors
  6 demonic crawlers
  A hell knight (Crypt:3)
  2 iron trolls (Depths:2)
  A spriggan berserker (Depths:2)
  A shadow wraith (Crypt:3)
  A skyshark (Lair:5)
  A death drake (Depths:2)
  2 pharaoh ants (Spider:3)
  10 deep trolls
  4 skeletal warriors
  3 goliath frogs
  3 orb spiders
  A sun moth (Spider:3)
  2 arcanists
  4 deep elf archers
  A flayed ghost (Depths:3)
  3 bog bodies
  4 spriggan druids
  10 swamp dragons
  10 steelbarb worms
  3 lindwurms
  7 deep elf pyromancers
  2 necromancers
  2 ironbound convokers
  A harpy (Vaults:2)
  3 orc knights
  3 deep elf zephyrmancers (Elf:2)
  10 ugly things
  3 phantasmal warriors (Crypt:3)
  12 wolf spiders
  Pikel (D:6)
  4 cyclopes
  2 orc sorcerers (Orc:2)
  2 moths of wrath
  8 will-o-the-wisps
  3 meliai
  2 kobold blastminers (Orc:2)
  3 vault sentinels
  A water nymph (Swamp:1)
  2 elephants
  2 black mambas
  A gargoyle (D:11)
  7 cane toads
  2 torpor snails
  A kobold demonologist (D:10)
  12 yaktaurs
  A hellion (Zot:2)
  3 komodo dragons
  A tengu conjurer (D:15)
  3 freezing wraiths
  3 rime drakes (Depths:2)
  2 guardian mummies (Zot:1)
  7 trolls
  2 polar bears
  7 hornets
  12 tarantellas
  12 tyrant leeches
  A raiju (shapeshifter) (D:13)
  15 blink frogs
  Prince Ribbit (D:8)
  3 dream sheep (Lair:5)
  6 nameless horrors
  27 jumping spiders
  3 shadows (Crypt:3)
  6 slime creatures
  8 culicivoras
  A water elemental (D:12)
  7 wraiths
  An air elemental (Elf:3)
  A vampire (D:11)
  14 spriggans
  3 wyverns
  2 hogs (D:12)
  A wind drake zombie (Crypt:1)
  40 yaks
  2 humans
  2 fire elementals
  A warg (D:11)
  3 steam dragons
  5 basilisks
  32 redbacks
  9 vampire mosquitoes
  17 swamp worms
  5 water moccasins
  18 orc warriors
  7 swamp drakes
  A meliai simulacrum (D:15)
  4 black bears
  5 laughing skulls
  An ice beast (D:6)
  3 sky beasts
  5 ogres
  An elf simulacrum (Vaults:4)
  9 centaurs
  7 wolves
  3 lemures (D:6)
  2 kobold brigands (D:7)
  5 bullfrogs
  2 necrophages (Crypt:3)
  A gnoll sergeant (D:9)
  4 scorpions
  A warg zombie (Crypt:1)
  4 burial acolytes (Crypt:3)
  5 wights
  9 killer bees
  An electric eel (Spider:2)
  A howler monkey (D:12)
  2 bombardier beetles
  6 jellies
  8 orc priests
  4 hounds
  2 gnoll boudas
  6 iguanas
  5 sleepcaps
  Jessica (D:3)
  7 orc wizards
  2 hell rats
  17 gnolls
  6 adders
  A river rat (Lair:1)
  2 shadow imps
  A white imp (D:7)
  A ribbon worm (D:3)
  2 dart slugs (D:4)
  45 orcs
  6 ball pythons
  10 endoplasms
  3 giant cockroaches
  3 goblins
  5 hobgoblins
  3 jackals (D:2)
  3 kobolds (D:1)
  A quokka (D:1)
  2 bats
  2 frilled lizards
  A rat (D:3)
  An aspiring flesh (Zot:1)
  A spectral weapon (Elf:3)
872 creatures vanquished.

Vanquished Creatures (others)
  57 eldritch tentacles
  A fire giant (Vaults:4)
  2 formless jellyfish (Vaults:2)
  A yellow draconian (Zot:1)
  4 great orbs of eyes
  A salamander tyrant (Depths:1)
  A peacekeeper (Vaults:2)
  A spriggan air mage (Depths:4)
  A two-headed ogre (shapeshifter) (Depths:3)
  A death yak (shapeshifter) (Elf:3)
  A deep elf knight (Elf:3)
  A glowing orange brain (Depths:4)
  A deep troll (Depths:4)
  2 lindwurms (Vaults:2)
  An orc knight (Vaults:2)
  A phantasmal warrior (Crypt:3)
  A sun moth (shapeshifter) (Vaults:2)
  2 deep elf zephyrmancers
  A nameless horror (Elf:1)
  A glass eye (Depths:3)
  A yaktaur (Vaults:3)
  A slime creature (Zot:1)
  Sigmund (D:1)
  A shadow (Crypt:3)
  A redback (Spider:2)
  A swamp drake (Depths:2)
  A necrophage (Crypt:3)
  165 jellies
  A black bear zombie (Crypt:1)
  Ijyb (D:3)
  A gnoll (D:9)
  2 orcs
  A quokka (D:3)
  74 blazeheart cores
  A butterfly (Zot:1)
  30 foxfires
  62 snaplasher vines
427 creatures vanquished.

Grand Total: 2367 creatures vanquished

Table legend:
 A = Non-vault XP
 B = Vault XP
 C = Vault XP percentage of total XP
 D = Non-vault monster count
 E = Vault monster count
 F = Vault count percentage of total count
                 A         B        C        D         E       F
            +---------+---------+-------+---------+---------+-------
      Total |  566359 |  425966 |  42.9 |    1249 |     616 |  33.0
            +---------+---------+-------+---------+---------+-------
        D:1 |      44 |       0 |   0.0 |      26 |       0 |   0.0
        D:2 |     105 |       0 |   0.0 |      25 |       0 |   0.0
        D:3 |      49 |      41 |  45.6 |      17 |       2 |  10.5
        D:4 |     459 |       0 |   0.0 |      19 |       0 |   0.0
        D:5 |     713 |       0 |   0.0 |      23 |       0 |   0.0
        D:6 |     755 |     571 |  43.1 |      16 |       1 |   5.9
        D:7 |    1046 |    1279 |  55.0 |      20 |       6 |  23.1
        D:8 |    1201 |     806 |  40.2 |      15 |       5 |  25.0
        D:9 |    1757 |    1166 |  39.9 |      27 |       6 |  18.2
       D:10 |    5130 |       0 |   0.0 |      26 |       0 |   0.0
       D:11 |    4416 |    1640 |  27.1 |      22 |      15 |  40.5
       D:12 |    3348 |    2695 |  44.6 |      15 |       5 |  25.0
       D:13 |    3821 |    5676 |  59.8 |      11 |      14 |  56.0
       D:14 |   14352 |     836 |   5.5 |      24 |       1 |   4.0
       D:15 |   14733 |   13799 |  48.4 |      28 |      22 |  44.0
     Lair:1 |   10020 |    3257 |  24.5 |      38 |      18 |  32.1
     Lair:2 |    3601 |    1801 |  33.3 |      17 |       2 |  10.5
     Lair:3 |    6229 |     943 |  13.1 |      24 |       2 |   7.7
     Lair:4 |    7643 |      97 |   1.3 |      28 |       8 |  22.2
     Lair:5 |    9057 |     595 |   6.2 |      33 |       1 |   2.9
    Swamp:1 |   13884 |    2949 |  17.5 |      28 |       4 |  12.5
    Swamp:2 |    8793 |       0 |   0.0 |      21 |       0 |   0.0
    Swamp:3 |    9395 |    6365 |  40.4 |      21 |      18 |  46.2
    Swamp:4 |   12769 |   17038 |  57.2 |      25 |      25 |  50.0
   Spider:1 |   16687 |       0 |   0.0 |      42 |       0 |   0.0
   Spider:2 |   21276 |    5934 |  21.8 |      53 |      16 |  23.2
   Spider:3 |   28212 |    6017 |  17.6 |      67 |       6 |   8.2
   Spider:4 |   15018 |   20799 |  58.1 |      33 |      40 |  54.8
      Orc:1 |    2729 |       0 |   0.0 |      16 |       0 |   0.0
      Orc:2 |    5397 |    6718 |  55.5 |      36 |      38 |  51.4
      Elf:1 |    7101 |    6282 |  46.9 |      13 |      10 |  43.5
      Elf:2 |   21036 |    3945 |  15.8 |      37 |       5 |  11.9
      Elf:3 |   14869 |   28198 |  65.5 |      24 |      26 |  52.0
   Vaults:1 |   28868 |   30184 |  51.1 |      36 |      37 |  50.7
   Vaults:2 |   20510 |   20000 |  49.4 |      35 |      27 |  43.5
   Vaults:3 |   35284 |   12579 |  26.3 |      50 |      12 |  19.4
   Vaults:4 |    9136 |   17871 |  66.2 |      15 |      21 |  58.3
    Crypt:1 |   11094 |   18409 |  62.4 |      20 |      20 |  50.0
    Crypt:2 |   20475 |   12982 |  38.8 |      37 |      14 |  27.5
    Crypt:3 |       0 |   58144 | 100.0 |       0 |      90 | 100.0
   Depths:1 |   26795 |   13498 |  33.5 |      35 |      10 |  22.2
   Depths:2 |   24357 |   20182 |  45.3 |      30 |      25 |  45.5
   Depths:3 |   19595 |   34942 |  64.1 |      19 |      27 |  58.7
   Depths:4 |   22269 |   15867 |  41.6 |      27 |      14 |  34.1
      Zot:1 |   30742 |   17759 |  36.6 |      28 |      14 |  33.3
      Zot:2 |    9444 |       0 |   0.0 |       8 |       0 |   0.0
      Zot:3 |   28537 |    5559 |  16.3 |      26 |       4 |  13.3
      Zot:4 |    6776 |       0 |   0.0 |       6 |       0 |   0.0
      Zot:5 |    6832 |    8543 |  55.6 |       7 |       5 |  41.7
            +---------+---------+-------+---------+---------+-------

Skill      XL: |  1  2  3  4  5  6  7  8  9 10 11 12 13 14 15 16 17 18 19 20 21 22 23 24 |
---------------+-------------------------------------------------------------------------+-----
Stealth        | 3 4 5 9 10 | 10.0
Summonings     | 5 6 7 10 11 12 13 14 | 14.1
Dodging        | 3 5 6 8 12 14 16 20 23 25 | 25.5
Fighting       | 3 4 8 10 12 13 14 16 19 20 | 20.0
Fire Magic     | 4 6 |  6.0
Spellcasting   | 3 6 10 | 10.0
Evocations     | 4 5 |  5.0
Air Magic      | 4 6 |  6.0
Unarmed Combat | 1 6 8 10 12 16 18 20 | 20.0
Translocations | 10 14 17 | 17.0
Necromancy     | 5 |  5.0
Shapeshifting  | 4 11 15 16 | 16.0
Hexes          | 4 8 |  8.7
Alchemy        | 4 8 |  8.0

Action                     |  1- 3 |  4- 6 |  7- 9 | 10-12 | 13-15 | 16-18 | 19-21 | 22-24 || total
---------------------------+-------+-------+-------+-------+-------+-------+-------+-------++-------
  Melee: Unarmed           |    35 |    56 |    66 |   204 |   496 |   949 |  1434 |   737 ||  3977
         Bite              |     3 |     6 |    17 |    34 |    84 |   188 |   222 |   129 ||   683
         Punch             |       |       |     2 |     9 |    48 |    93 |   192 |   139 ||   483
         Maw               |       |       |       |       |       |    30 |       |       ||    30
   Cast: Summon Small Mamm |    26 |     9 |     8 |       |       |       |       |       ||    43
         Call Imp          |    20 |    29 |    49 |    17 |     1 |       |       |       ||   116
         Call Canine Famil |     1 |    15 |    38 |    37 |    41 |     2 |       |       ||   134
         Summon Blazeheart |       |       |    16 |    86 |   119 |    21 |       |       ||   242
         Summon Lightning  |       |       |       |    30 |   119 |    44 |    10 |     1 ||   204
         Summon Forest     |       |       |       |       |    55 |    97 |    47 |    32 ||   231
         Summon Cactus Gia |       |       |       |       |    33 |    89 |    32 |     3 ||   157
         Fugue of the Fall |       |       |       |       |     1 |    10 |     2 |       ||    13
         Malign Gateway    |       |       |       |       |       |       |    17 |    42 ||    59
         Yara's Violent Un |       |       |       |       |       |       |       |     2 ||     2
         Dispersal         |       |       |       |       |       |       |       |    18 ||    18
 Invoke: Call Merchant     |       |       |     1 |     1 |     3 |     3 |       |       ||     8
  Evoke: Wand              |       |       |     3 |    16 |    29 |    11 |     1 |     5 ||    65
         Condenser vane    |       |       |       |       |     3 |     3 |     3 |     1 ||    10
         Lightning rod     |       |       |       |       |     6 |    13 |    12 |     5 ||    36
         Phantom mirror    |       |       |       |       |     2 |     3 |     2 |     2 ||     9
         Sack of spiders   |       |       |       |       |       |     3 |     2 |     2 ||     7
         Phial of floods   |       |       |       |       |       |     1 |     1 |       ||     2
    Use: Scroll            |     4 |     2 |     8 |     8 |     7 |    12 |    12 |    16 ||    69
         Potion            |       |       |       |     6 |     1 |     9 |     6 |    14 ||    36
   Stab: Sleeping          |     2 |     7 |       |     3 |       |     3 |    13 |     7 ||    35
         Distracted        |       |     1 |     2 |     4 |    18 |    21 |    21 |    15 ||    82
         Paralysed         |       |       |     3 |     4 |     1 |     1 |       |       ||     9
         Held in net/web   |       |       |       |       |       |     1 |       |       ||     1
         Confused          |       |       |       |       |       |       |     2 |    13 ||    15
         Invisible         |       |       |       |       |       |       |       |     4 ||     4
 Armour: Skin              |    12 |    15 |    27 |   115 |   187 |   447 |   675 |   357 ||  1835
  Dodge: Dodged            |    25 |    48 |   108 |   287 |   669 |  1773 |  2855 |  1622 ||  7387
  Block: Other             |       |       |       |    38 |   223 |   445 |   588 |   329 ||  1623
   Form: Beast             |       |       |       |       |     1 |       |       |       ||     1
         Maw               |       |       |       |       |       |     1 |       |       ||     1
         Statue            |       |       |       |       |       |     2 |       |       ||     2
                           |       |       |       |       |       |     1 |       |       ||     1

Illustrated notes

Table legend:
 A = Kills in this place as a percentage of kills in the entire game.
 B = Kills by you in this place as a percentage of kills by you in the entire game.
 C = Kills by friends in this place as a percentage of kills by friends in the entire game.
 D = Other kills in this place as a percentage of other kills in the entire game.
 E = Experience gained in this place as a percentage of experience gained in the entire game.
 F = Experience gained in this place divided by the number of levels of this place that you have seen.
                   A       B       C       D       E      F
               +-------+-------+-------+-------+-------+----------------------
         Total | 100.0 | 100.0 | 100.0 | 100.0 | 100.0 | 18828.9
       Dungeon |  22.9 |  17.9 |  28.9 |  16.7 |  13.0 | 9104.4
          Lair |   8.9 |   6.9 |  11.5 |   0.0 |   4.1 | 8648.6
         Swamp |   7.4 |   3.1 |  12.7 |   0.0 |   6.8 | 17798.2
   Spider Nest |  13.4 |  12.7 |  14.2 |  16.7 |  10.8 | 28485.8
  Orcish Mines |   4.7 |   3.1 |   6.6 |   0.0 |   1.4 | 7422.0
   Elven Halls |   6.0 |   7.9 |   3.6 |   8.3 |   7.7 | 27143.7
        Vaults |  12.1 |  16.7 |   6.4 |  25.0 |  16.5 | 43608.0
         Crypt |   9.4 |  14.0 |   3.8 |   8.3 |  11.5 | 40368.0
        Depths |  10.0 |  11.4 |   8.2 |  16.7 |  17.1 | 45085.2
           Zot |   5.3 |   6.2 |   4.1 |   8.3 |  11.1 | 23464.2
               +-------+-------+-------+-------+-------+----------------------

Table legend: (Time is in decaauts)
 A = Elapsed time spent in this place.
 B = Non-inter-level travel time spent in this place.
 C = Inter-level travel time spent in this place.
 D = Time resting spent in this place.
 E = Time spent auto-exploring this place.
 F = Levels seen in this place.
 G = Mean time per level.
                   A        B        C        D        E       F      G
               +--------+--------+--------+--------+--------+-----+--------+
         Total |  85005 |  74653 |  10352 |  12706 |  44116 |  56 | 1517.9 |
       Dungeon |  28591 |  22517 |   6074 |   4320 |  12903 |  15 | 1906.1 |
        Temple |     40 |     20 |     20 |      0 |      0 |   1 |   40.0 |
          Lair |  10227 |   8848 |   1379 |   2564 |   4616 |   5 | 2045.4 |
         Swamp |   7852 |   7588 |    264 |   1533 |   4976 |   4 | 1963.0 |
   Spider Nest |   8721 |   8320 |    401 |   1585 |   4690 |   4 | 2180.2 |
    Slime Pits |    662 |    455 |    207 |      0 |    267 |   5 |  132.4 |
  Orcish Mines |   4107 |   3618 |    489 |   1101 |   1679 |   2 | 2053.5 |
   Elven Halls |   4036 |   3695 |    341 |    378 |   2326 |   3 | 1345.3 |
        Vaults |   9200 |   8750 |    450 |    745 |   6094 |   4 | 2300.0 |
         Crypt |   4265 |   4005 |    260 |    157 |   2394 |   3 | 1421.7 |
        Depths |   5442 |   5147 |    295 |    294 |   3275 |   4 | 1360.5 |
           Zot |   1705 |   1536 |    169 |     27 |    762 |   5 |  341.0 |
        Bazaar |    152 |    152 |      0 |      0 |    130 |   1 |  152.0 |
               +--------+--------+--------+--------+--------+-----+--------+

Top non-repeatable levels by time:
     D:9: 3353 daAuts
Vaults:1: 3280 daAuts
  Lair:1: 2782 daAuts
   Orc:2: 2679 daAuts
 Swamp:4: 2608 daAuts
Vaults:2: 2515 daAuts
Spider:4: 2426 daAuts
    D:11: 2412 daAuts
Spider:3: 2399 daAuts
     D:6: 2352 daAuts
    D:15: 2308 daAuts
 Swamp:3: 2253 daAuts
Spider:1: 2248 daAuts
  Lair:4: 2178 daAuts
  Lair:3: 2177 daAuts
